Workbook
Name \C: [1]Reforma!#REF!
Name \C: [1]Reforma!#REF!
Name \D: [1]Reforma!#REF!
Name \D: [1]Reforma!#REF!
Name \G: [1]Reforma!#REF!
Name \I: [1]Reforma!#REF!
Name \l: #REF!
Name \l: #REF!
Name \M: [1]Reforma!#REF!
Name \P: [1]Reforma!#REF!
Name \R: [1]Reforma!#REF!
Name \s: #REF!
Name \s: #REF!
Name \t: #REF!
Name \t: #REF!
Name \Y: [1]Reforma!#REF!
Name \Y: [1]Reforma!#REF!
Name _: [1]Reforma!#REF!
Name _: [1]Reforma!#REF!
Name ______________MDO1: [2]INSUMOS!$C$8
Name ______________MDO2: [3]INSUMOS!$C$6
Name ______________R: #REF!
Name ______________R: #REF!
Name ______________R: #REF!
Name _____________MDO1: [2]INSUMOS!$C$8
Name _____________MDO2: [3]INSUMOS!$C$6
Name _____________R: #REF!
Name _____________R: #REF!
Name _____________R: #REF!
Name ____________MDO1: [2]INSUMOS!$C$8
Name ____________MDO2: [3]INSUMOS!$C$6
Name ____________R: #REF!
Name ____________R: #REF!
Name ____________R: #REF!
Name ____________R: #REF!
Name ___________MDO1: [2]INSUMOS!$C$8
Name ___________MDO2: [3]INSUMOS!$C$6
Name ___________R: #REF!
Name ___________R: #REF!
Name ___________R: #REF!
Name ___________R: #REF!
Name ___________rua1: #REF!
Name ___________rua1: #REF!
Name ___________rua1: #REF!
Name __________MDO1: [2]INSUMOS!$C$8
Name __________MDO2: [3]INSUMOS!$C$6
Name __________R: #REF!
Name __________R: #REF!
Name __________R: #REF!
Name __________rua1: #REF!
Name __________rua1: #REF!
Name __________rua1: #REF!
Name _________MDO1: [2]INSUMOS!$C$8
Name _________MDO2: [3]INSUMOS!$C$6
Name _________R: #REF!
Name _________R: #REF!
Name _________R: #REF!
Name _________R: #REF!
Name _________rua1: #REF!
Name _________rua1: #REF!

Sheet DRENAGEM PLUVIAL
B2: =ORÇ!A2 -> Obra: | C2: =ORÇ!B2 -> Pavimentação de Ruas | M2: =ORÇ!G2 -> Valor da Obra: | P2: =ORÇ!#REF! -> #REF!
B3: =ORÇ!A3 -> Endereço da obra: | C3: =ORÇ!B3 -> Diversas Ruas, Município de Duas Estradas - PB | M3: =ORÇ!G3 -> 428328.45 | P3: =ORÇ!#REF! -> #REF!
B4: =ORÇ!A4 -> Fonte de dados: | C4: =ORÇ!B4 -> SINAPI - 02/2024 - PARAÍBA SICRO3 - 10/2023 Paraíba | M4: =ORÇ!G4 -> BDI | P4: =ORÇ!#REF! -> #REF!
B5: =ORÇ!A5 -> Encargos Socias: | C5: =ORÇ!B5 -> (Desonerados - Horista: 84,85% Mensalista 46,62%) | M5: =ORÇ!G5 -> 0.2614 | P5: =ORÇ!#REF! -> #REF!
B6: =ORÇ!A6 -> Contrato: | C6: =ORÇ!B6 -> 1086709-38 | M6: =ORÇ!E6 -> 0 | P6: =ORÇ!G6 -> 0
B7: DRENAGEM PLUVIAL
C8: Nome da rua | D8: Trecho | E8: Cotas do Terreno | G8: Dif. de cotas | H8: Extensão do trecho (L) | I8: Declividade (I) | J8: Largura da rua (L) | K8: Capacidade da rua (Q) | L8: Cotas de distâncias máximas | N8: Dif. de cotas | O8: Distância Máxima | P8: Decliv. Máxima (Im) | Q8: Tempo de Concent. (Tc) | R8: Intens. (i) | S8: Coef. de escoamento (C) | T8: Área de contribuição (A) | U8: Vazão no trecho (Q) | V8: Vazão a captar (Q)
E9: Montante | F9: Jusante | L9: montante | M9: Jusante
B10: Coluna | C10: 1 | D10: 2 | E10: 3 | F10: 4 | G10: 5 | H10: 6 | I10: 7 | J10: 8 | K10: 9 | L10: 10 | M10: 11 | N10: 12 | O10: 13 | P10: 14 | Q10: 15 | R10: 16 | S10: 17 | T10: 18 | U10: 19 | V10: 20
B11: und. | E11: m | F11: m | G11: m | H11: m | I11: m/m | J11: m | K11: l/s | L11: m | M11: m | N11: m | O11: m | P11: m/m | Q11: min | R11: mm/h | S11: - | T11: ha | U11: l/s | V11: l/s
B12: Cálculo | C12: ='MEMORIA DE CALCULO'!C9 -> RUA FÁBIO JUNIOR MIGUEL DOS SANTOS | D12: E0 a E2+0,10 | E12: 546.483 | F12: 544.673 | G12: =E12-F12 -> 1.81 | H12: 40.1 | I12: =G12/H12 -> 0.045137157 | J12: 8.7 | K12: 832 | L12: =E12 -> 546.483 | M12: =F12 -> 544.673 | N12: =L12-M12 -> 1.81 | O12: =H12 -> 40.1 | P12: =N12/O12 -> 0.045137157 | Q12: =10+16*(O12/1000)/(1.05*((100*P12)^0.04)) -> 10.575299 | R12: =(3609.11*2^0.12)/((Q12+30)^0.95) -> 116.32554 | S12: 0.5 | T12: 0.11 | U12: =166.67*S12*R12/60*T12 -> 17.772313 | V12: =U12-K12 -> -814.22769
B13: Cálculo | C13: ='MEMORIA DE CALCULO'!C29 -> RUA RICARDO LÚCIO | D13: E6+16,80 a E0 | E13: 559.565 | F13: 553.145 | G13: =E13-F13 -> 6.42 | H13: 136.8 | I13: =G13/H13 -> 0.046929825 | J13: 6 | K13: 541 | L13: =E13 -> 559.565 | M13: =F13 -> 553.145 | N13: =L13-M13 -> 6.42 | O13: =H13 -> 136.8 | P13: =N13/O13 -> 0.046929825 | Q13: =10+16*(O13/1000)/(1.05*((100*P13)^0.04)) -> 11.959561 | R13: =(3609.11*2^0.12)/((Q13+30)^0.95) -> 112.67675 | S13: 0.5 | T13: 0.39 | U13: =166.67*S13*R13/60*T13 -> 61.034462 | V13: =U13-K13 -> -479.96554
B14: Cálculo | C14: ='MEMORIA DE CALCULO'!C49 -> RUA PROJETADA 56A | D14: E0 a E6+15,00 | E14: 553.25 | F14: 552.406 | G14: =E14-F14 -> 0.844 | H14: 135 | I14: =G14/H14 -> 0.0062518519 | J14: 6 | K14: 242 | L14: =E14 -> 553.25 | M14: =F14 -> 552.406 | N14: =L14-M14 -> 0.844 | O14: =H14 -> 135 | P14: =N14/O14 -> 0.0062518519 | Q14: =10+16*(O14/1000)/(1.05*((100*P14)^0.04)) -> 12.096158 | R14: =(3609.11*2^0.12)/((Q14+30)^0.95) -> 112.32938 | S14: 0.5 | T14: 0.75 | U14: =166.67*S14*R14/60*T14 -> 117.01211 | V14: =U14-K14 -> -124.98789
B15: Cálculo | C15: ='MEMORIA DE CALCULO'!C69 -> RUA VEREADOR ROGÉRIO PASCHOAL DE OLIVEIRA | D15: E0 a E8+9,80 | E15: 552.709 | F15: 551.131 | G15: =E15-F15 -> 1.578 | H15: 169.8 | I15: =G15/H15 -> 0.0092932862 | J15: 6 | K15: 242 | L15: =E15 -> 552.709 | M15: =F15 -> 551.131 | N15: =L15-M15 -> 1.578 | O15: =H15 -> 169.8 | P15: =N15/O15 -> 0.0092932862 | Q15: =10+16*(O15/1000)/(1.05*((100*P15)^0.04)) -> 12.595025 | R15: =(3609.11*2^0.12)/((Q15+30)^0.95) -> 111.07921 | S15: 0.5 | T15: 0.49 | U15: =166.67*S15*R15/60*T15 -> 75.597085 | V15: =U15-K15 -> -166.40291
B16: Cálculo | C16: ='MEMORIA DE CALCULO'!C89 -> TRAVESSA LUIZ MARINHEIRO | D16: E0 a E2+12,20 | E16: 561.493 | F16: 558.86 | G16: =E16-F16 -> 2.633 | H16: 52.2 | I16: =G16/H16 -> 0.050440613 | J16: 6 | K16: 567 | L16: =E16 -> 561.493 | M16: =F16 -> 558.86 | N16: =L16-M16 -> 2.633 | O16: =H16 -> 52.2 | P16: =N16/O16 -> 0.050440613 | Q16: =10+16*(O16/1000)/(1.05*((100*P16)^0.04)) -> 10.745573 | R16: =(3609.11*2^0.12)/((Q16+30)^0.95) -> 115.86368 | S16: 0.5 | T16: 0.13 | U16: =166.67*S16*R16/60*T16 -> 20.920249 | V16: =U16-K16 -> -546.07975
B17: Cálculo | C17: ='MEMORIA DE CALCULO'!C108 -> RUA MARIA ALVES DE SOUZA | D17: E0 a E6+2,80 | E17: 551.452 | F17: 547.26 | G17: =E17-F17 -> 4.192 | H17: 122.8 | I17: =G17/H17 -> 0.034136808 | J17: 6 | K17: 452 | L17: =E17 -> 551.452 | M17: =F17 -> 547.26 | N17: =L17-M17 -> 4.192 | O17: =H17 -> 122.8 | P17: =N17/O17 -> 0.034136808 | Q17: =10+16*(O17/1000)/(1.05*((100*P17)^0.04)) -> 11.781559 | R17: =(3609.11*2^0.12)/((Q17+30)^0.95) -> 113.13274 | S17: 0.5 | T17: 0.35 | U17: =166.67*S17*R17/60*T17 -> 54.996183 | V17: =U17-K17 -> -397.00382
B18: Cálculo | C18: ='MEMORIA DE CALCULO'!C127 -> RUA VEREADOR CÍCERO DA SILVA BENTO | D18: E0 a E9+4,00 | E18: 554.47 | F18: 551.195 | G18: =E18-F18 -> 3.275 | H18: 184 | I18: =G18/H18 -> 0.017798913 | J18: 6 | K18: 342 | L18: =E18 -> 554.47 | M18: =F18 -> 551.195 | N18: =L18-M18 -> 3.275 | O18: =H18 -> 184 | P18: =N18/O18 -> 0.017798913 | Q18: =10+16*(O18/1000)/(1.05*((100*P18)^0.04)) -> 12.739888 | R18: =(3609.11*2^0.12)/((Q18+30)^0.95) -> 110.72151 | S18: 0.5 | T18: 0.53 | U18: =166.67*S18*R18/60*T18 -> 81.504966 | V18: =U18-K18 -> -260.49503
B19: Cálculo | C19: ='MEMORIA DE CALCULO'!C147 -> RUA SEVERINO RODRIGUES DE SOUZA | D19: E0 a E3+17,00 | E19: 554.108 | F19: 552.614 | G19: =E19-F19 -> 1.494 | H19: 77 | I19: =G19/H19 -> 0.019402597 | J19: 6 | K19: 342 | L19: =E19 -> 554.108 | M19: =F19 -> 552.614 | N19: =L19-M19 -> 1.494 | O19: =H19 -> 77 | P19: =N19/O19 -> 0.019402597 | Q19: =10+16*(O19/1000)/(1.05*((100*P19)^0.04)) -> 11.142634 | R19: =(3609.11*2^0.12)/((Q19+30)^0.95) -> 114.80115 | S19: 0.5 | T19: 0.22 | U19: =166.67*S19*R19/60*T19 -> 35.07883 | V19: =U19-K19 -> -306.92117
D20: E6 a E3+17,00 | E20: 553.396 | F20: 552.614 | G20: =E20-F20 -> 0.782 | H20: 43 | I20: =G20/H20 -> 0.018186047 | J20: 6 | K20: 342 | L20: =E20 -> 553.396 | M20: =F20 -> 552.614 | N20: =L20-M20 -> 0.782 | O20: =H20 -> 43 | P20: =N20/O20 -> 0.018186047 | Q20: =10+16*(O20/1000)/(1.05*((100*P20)^0.04)) -> 10.639749 | R20: =(3609.11*2^0.12)/((Q20+30)^0.95) -> 116.15028 | S20: 0.5 | T20: 0.13 | U20: =166.67*S20*R20/60*T20 -> 20.971997 | V20: =U20-K20 -> -321.028
D21: E6 a E7+3,70 | E21: 553.396 | F21: 553.144 | G21: =E21-F21 -> 0.252 | H21: 23.7 | I21: =G21/H21 -> 0.010632911 | J21: 6 | K21: 296 | L21: =E21 -> 553.396 | M21: =F21 -> 553.144 | N21: =L21-M21 -> 0.252 | O21: =H21 -> 23.7 | P21: =N21/O21 -> 0.010632911 | Q21: =10+16*(O21/1000)/(1.05*((100*P21)^0.04)) -> 10.360257 | R21: =(3609.11*2^0.12)/((Q21+30)^0.95) -> 116.91426 | S21: 0.5 | T21: 0.06 | U21: =166.67*S21*R21/60*T21 -> 9.7430499 | V21: =U21-K21 -> -286.25695
B23: TABELA DE CÁLCULO HIDRÁULICO DE GALERIA PLUVIAL
C24: Nome da rua | D24: Trecho | E24: Extensão (L) | F24: Vazão a escoar (Q) | G24: Cotas do terreno | I24: Seção da Galeria | J24: Declividade da Galeria (I) | K24: Cota da Soleira da Galeria
G25: montante | H25: Jusante | K25: montante | L25: Jusante
B26: Coluna | C26: 1 | D26: 2 | E26: 3 | F26: 4 | G26: 5 | H26: 6 | I26: 7 | J26: 8 | K26: 9 | L26: 10
B27: unidade | E27: m | F27: l/s | G27: m | H27: m | I27: mm | J27: m/m | K27: m | L27: m
B28: Cálculo | C28: =#REF! -> #REF! | D28: Boca de lobo ao Canal Existente | E28: 10.25 | F28: =SUM(#REF!) -> #REF! | G28: =#REF! -> #REF! | H28: =#REF! -> #REF! | I28: 300 | J28: =(G28-H28)/E28 -> #REF! | K28: =G28 -> #REF! | L28: =K28-E28*J28 -> #REF!
I30: =(#REF!-#REF!)/#REF! -> #REF!

Sheet MEMORIA DE CALCULO
B2: =ORÇ!A2 -> Obra: | C2: =ORÇ!B2 -> Pavimentação de Ruas | D2: =ORÇ!G2 -> Valor da Obra:
B3: =ORÇ!A3 -> Endereço da obra: | C3: =ORÇ!B3 -> Diversas Ruas, Município de Duas Estradas - PB | D3: =ORÇ!G3 -> 428328.45
B4: =ORÇ!A4 -> Fonte de dados: | C4: =ORÇ!B4 -> SINAPI - 02/2024 - PARAÍBA SICRO3 - 10/2023 Paraíba | D4: =ORÇ!G4 -> BDI
B5: =ORÇ!A5 -> Encargos Socias: | C5: =ORÇ!B5 -> (Desonerados - Horista: 84,85% Mensalista 46,62%) | D5: =ORÇ!G5 -> 0.2614
B6: =ORÇ!A6 -> Contrato: | C6: =ORÇ!B6 -> 1086709-38 | D6: =ORÇ!E6 -> 0 | F6: =ORÇ!G6 -> 0
B7: MEMÓRIA DE CÁLCULO
B8: Item | C8: Descrição | D8: Und | E8: Quant. | F8: Memória de Cálculo
B9: 1 | C9: RUA FÁBIO JUNIOR MIGUEL DOS SANTOS
B10: 1.1 | C10: SERVIÇOS PRELIMINARES
B11: 1.1.1 | C11: PLACA INDICATIVA DE OBRA | D11: m² | E11: 8 | F11: (Placa Indicativa da Obra) A=(4,00*2,00) A=(8,00)
B12: 1.1.2 | C12: LOCAÇÃO DE PAVIMENTAÇÃO. AF_10/2018 | D12: M | E12: 40.1 | F12: (Comprimento da Rua a ser Pavimentada) (Est.0 á Est.2+0.10) C=(40,10)
B13: 1.2 | C13: TERRAPLANAGEM
B14: 1.2.1 | C14: REGULARIZAÇÃO E COMPACTAÇÃO DE SUBLEITO DE SOLO PREDOMINANTEMENTE ARENOSO. AF_11/2019 | D14: m² | E14: 469.17 | F14: (Est.0 á Est.2+0.10)+(Área de Calçadas) A=((40,10*8,70)+((40,10*1,50)*2)) A=(469,17)
B15: 1.3 | C15: PAVIMENTAÇÃO
B16: 1.3.1 | C16: ASSENTAMENTO DE GUIA (MEIO-FIO) EM TRECHO RETO, CONFECCIONADA EM CONCRETO PRÉ-FABRICADO, DIMENSÕES 100X15X13X30 CM (COMPRIMENTO X BASE INFERIOR X BASE SUPERIOR X ALTURA), PARA VIAS URBANAS (USO VIÁRIO). AF_06/2016 | D16: M | E16: 80.2 | F16: C= (Comprimento da Rua x 2 lados) C=(40,10*2,00) C=(80,20)
B17: 1.3.2 | C17: EXECUÇÃO DE PAVIMENTO EM PARALELEPÍPEDOS, REJUNTAMENTO COM ARGAMASSA TRAÇO 1:3 (CIMENTO E AREIA). AF_05/2020 | D17: m² | E17: 348.87 | F17: (Est.0 á Est.2+0.10) (Comprimento x Largura) A=(40,10*8,70) A=(348,87)
B18: 1.3.3 | C18: FORNECIMENTO E APLICAÇÃO DE MEIO FIO EM PEDRA GRANÍTICA | D18: m | E18: 8.7 | F18: C=(Cinturão de Travamento) C=(8,70)
B19: 1.3.4 | C19: EXECUÇÃO DE PASSEIO (CALÇADA) OU PISO DE CONCRETO COM CONCRETO MOLDADO IN LOCO, FEITO EM OBRA, ACABAMENTO CONVENCIONAL, NÃO ARMADO. AF_07/2016 | D19: m³ | E19: 5.93 | F19: Obs: Já está sendo descontada a largura (15 cm) do meio-fio da Calçada Fórmula => (Comprimento x Largura x 2 Lados)-((Área de Rampa)*Qtde)x(Espessura da Calçada)-(Desconto do Piso Podotatil) V=((((40,10*1,35)*2,00)-((6,90*1,20)*2,00))*0,07)-(16,25*0,03)) V=(5,93)
B20: 1.3.5 | C20: ALVENARIA DE VEDAÇÃO DE BLOCOS CERÂMICOS FURADOS NA HORIZONTAL DE 9X19X19 CM (ESPESSURA 9 CM) E ARGAMASSA DE ASSENTAMENTO COM PREPARO MANUAL. AF_12/2021 | D20: m² | E20: 16.04 | F20: Fórmula = (Comprimento da Calçada x 2 Lados x 0,20) (Correspondente a 2 fiadas = 0,20) A=((40,10*2,00)*0,20) A=(16,04)
B21: 1.3.6 | C21: Rampas de acessibilidade utilizadas nas pavimentações (utilizadas em calçadas com largura de 1,35 metros) | D21: unid | E21: 2 | F21: Quantidades de rampas Q=(2,00 unidades)
B22: 1.3.7 | C22: Piso podotátil de concreto - DIRECIONAL E ALERTA, *25 X 25* CM | D22: M² | E22: 16.25 | F22: Fórmula = (Comprimento da Rua x Largura da Placa x 2 Lados)-(Comprimento da Rampa x Largura da Placa x Quantidade de Rampas) A=(((40,10*0,25)*2,00)-((7,60*0,25)*2,00)) A=(16,25)
B23: 1.3.8 | C23: Limpeza de ruas (varrição e remoção de entulhos) | D23: M² | E23: 348.87 | F23: (Est.0 á Est.2+0.10) (Comprimento x Largura) A=(40,10*8,70) A=(348,87)
B24: 1.4 | C24: SINALIZAÇÃO VIÁRIA
B25: 1.4.1 | C25: PINTURA DE MEIO-FIO COM TINTA BRANCA A BASE DE CAL (CAIAÇÃO). AF_05/2021 | D25: M | E25: 80.2 | F25: (Pintura do meio fio = Comprimento do meio em concreto) C=(40,10*2,00) C=(80,20)
B26: 1.4.2 | C26: PLACA ESMALTADA PARA IDENTIFICAÇÃO NR DE RUA, DIMENSÕES 45X25 CM | D26: UNID | E26: 2 | F26: Quantidades de placas de rua Q=(2,00 unidades)
B27: 1.4.3 | C27: Confecção de placa em aço nº 16 galvanizado, com película retrorrefletiva tipo I + III | D27: m² | E27: 1.18 | F27: A=(Areá das PLACAS DE PARE) A=((8*0,35*0,42/2)*2) A=(1,18)
B28: 1.4.4 | C28: Fornecimento e implantação de suporte e travessa para placa de sinalização em madeira de lei tratada 8 x 8 cm | D28: un | E28: 4 | F28: (Quantidade de suportes de placas de PARE + Suporte das Placas Rua) Q=(2,00+2,00) Q=(4,00 unidades)
B29: 2 | C29: RUA RICARDO LÚCIO
B30: 2.1 | C30: SERVIÇOS PRELIMINARES
B31: 2.1.1 | C31: LOCAÇÃO DE PAVIMENTAÇÃO. AF_10/2018 | D31: M | E31: 136.8 | F31: (Comprimento da Rua a ser Pavimentada) (Est.0 á Est.6+16.80) C=(136,80)
B32: 2.1.2 | C32: DEMOLIÇÃO DE CONCRETO SIMPLES | D32: M³ | E32: 3.06 | F32: V=(Área de Calçada à Demolir x Altura Média das Calçadas) V=(20,43*0,15) V=(3,06)
B33: 2.2 | C33: TERRAPLANAGEM
B34: 2.2.1 | C34: REGULARIZAÇÃO E COMPACTAÇÃO DE SUBLEITO DE SOLO PREDOMINANTEMENTE ARENOSO. AF_11/2019 | D34: m² | E34: 1190.16 | F34: (Est.0 á Est.6+16.80)+(Área de Calçadas) A=((136,80*6,00)+((136,80*1,35)*2)) A=(1190,16)
B35: 2.3 | C35: PAVIMENTAÇÃO
B36: 2.3.1 | C36: ASSENTAMENTO DE GUIA (MEIO-FIO) EM TRECHO RETO, CONFECCIONADA EM CONCRETO PRÉ-FABRICADO, DIMENSÕES 100X15X13X30 CM (COMPRIMENTO X BASE INFERIOR X BASE SUPERIOR X ALTURA), PARA VIAS URBANAS (USO VIÁRIO). AF_06/2016 | D36: M | E36: 273.6 | F36: C= (Comprimento da Rua x 2 lados) C=(136,80*2,00) C=(273,60)
B37: 2.3.2 | C37: EXECUÇÃO DE PAVIMENTO EM PARALELEPÍPEDOS, REJUNTAMENTO COM ARGAMASSA TRAÇO 1:3 (CIMENTO E AREIA). AF_05/2020 | D37: m² | E37: 820.8 | F37: (Est.0 á Est.6+16.80) (Comprimento x Largura) A=(136,80*6,00) A=(820,80)
B38: 2.3.3 | C38: FORNECIMENTO E APLICAÇÃO DE MEIO FIO EM PEDRA GRANÍTICA | D38: m | E38: 6 | F38: C=(Cinturão de Travamento) C=(6,00)
B39: 2.3.4 | C39: EXECUÇÃO DE PASSEIO (CALÇADA) OU PISO DE CONCRETO COM CONCRETO MOLDADO IN LOCO, FEITO EM OBRA, ACABAMENTO CONVENCIONAL, NÃO ARMADO. AF_07/2016 | D39: m³ | E39: 18.84 | F39: Obs: Já está sendo descontada a largura (15 cm) do meio-fio da Calçada Fórmula => (Comprimento x Largura x 2 Lados)-((Área de Rampa)*Qtde)-(Desconto do Piso Podotatil) V=((((136,80*1,20)*2,00)-((6,90*1,20)*4,00))*0,07)-(60,80*0,03)) V=(18,84)
B40: 2.3.5 | C40: ALVENARIA DE VEDAÇÃO DE BLOCOS CERÂMICOS FURADOS NA HORIZONTAL DE 9X19X19 CM (ESPESSURA 9 CM) E ARGAMASSA DE ASSENTAMENTO COM PREPARO MANUAL. AF_12/2021 | D40: m² | E40: 54.72 | F40: Fórmula = (Comprimento da Calçada x 2 Lados x 0,20) (Correspondente a 2 fiadas = 0,20) A=((136,80*2,00)*0,20) A=(54,72)
B41: 2.3.6 | C41: Rampas de acessibilidade utilizadas nas pavimentações (utilizadas em calçadas com largura de 1,35 metros) | D41: unid | E41: 4 | F41: Quantidades de rampas Q=(4,00 unidades)
B42: 2.3.7 | C42: Piso podotátil de concreto - DIRECIONAL E ALERTA, *25 X 25* CM | D42: M² | E42: 60.8 | F42: Fórmula = (Comprimento da Rua x Largura da Placa x 2 Lados)-(Comprimento da Rampa x Largura da Placa x Quantidade de Rampas) A=(((136,80*0,25)*2,00)-((7,60*0,25)*4,00)) A=(60,80)
B43: 2.3.8 | C43: Limpeza de ruas (varrição e remoção de entulhos) | D43: M² | E43: 820.8 | F43: (Est.0 á Est.6+16.80) (Comprimento x Largura) A=(136,80*6,00) A=(820,80)
B44: 2.4 | C44: SINALIZAÇÃO VIÁRIA
B45: 2.4.1 | C45: PINTURA DE MEIO-FIO COM TINTA BRANCA A BASE DE CAL (CAIAÇÃO). AF_05/2021 | D45: M | E45: 273.6 | F45: (Pintura do meio fio = Comprimento do meio em concreto) C=(136,80*2,00) C=(273,60)
B46: 2.4.2 | C46: PLACA ESMALTADA PARA IDENTIFICAÇÃO NR DE RUA, DIMENSÕES 45X25 CM | D46: UNID | E46: 2 | F46: Quantidades de placas de rua Q=(2,00 unidades)
B47: 2.4.3 | C47: Confecção de placa em aço nº 16 galvanizado, com película retrorrefletiva tipo I + III | D47: m² | E47: 0.59 | F47: A=(Areá da PLACA DE PARE) A=((8*0,35*0,42/2)*1) A=(0,59)
B48: 2.4.4 | C48: Fornecimento e implantação de suporte e travessa para placa de sinalização em madeira de lei tratada 8 x 8 cm | D48: un | E48: 3 | F48: (Quantidade de suporte de placas de PARE + Suporte das Placas Rua) Q=(1,00+2,00) Q=(3,00 unidades)
B49: 3 | C49: RUA PROJETADA 56A
B50: 3.1 | C50: SERVIÇOS PRELIMINARES
B51: 3.1.1 | C51: LOCAÇÃO DE PAVIMENTAÇÃO. AF_10/2018 | D51: M | E51: 135 | F51: (Comprimento da Rua a ser Pavimentada) (Est.0 á Est.6+15.00) C=(135,00)
B52: 3.1.2 | C52: DEMOLIÇÃO DE CONCRETO SIMPLES | D52: M³ | E52: 3.93 | F52: V=(Área de Calçada à Demolir x Altura Média das Calçadas) V=(26,20*0,15) V=(3,93)
B53: 3.2 | C53: TERRAPLANAGEM
B54: 3.2.1 | C54: REGULARIZAÇÃO E COMPACTAÇÃO DE SUBLEITO DE SOLO PREDOMINANTEMENTE ARENOSO. AF_11/2019 | D54: m² | E54: 1159.65 | F54: (Est.0 á Est.6+15.00)+(Área de Calçadas)-(Abertura de Ruas) A=(((135,00*6,00)+((135,00*1,35)*2,00))-((6,00+5,00)*1,35)) A=(1159,65)
B55: 3.3 | C55: PAVIMENTAÇÃO
B56: 3.3.1 | C56: ASSENTAMENTO DE GUIA (MEIO-FIO) EM TRECHO RETO, CONFECCIONADA EM CONCRETO PRÉ-FABRICADO, DIMENSÕES 100X15X13X30 CM (COMPRIMENTO X BASE INFERIOR X BASE SUPERIOR X ALTURA), PARA VIAS URBANAS (USO VIÁRIO). AF_06/2016 | D56: M | E56: 259 | F56: C= (Comprimento da Rua x 2 lados)-(Abertura de Ruas) C=((135,00*2,00)-(6,00+5,00)) C=(259,00)
B57: 3.3.2 | C57: EXECUÇÃO DE PAVIMENTO EM PARALELEPÍPEDOS, REJUNTAMENTO COM ARGAMASSA TRAÇO 1:3 (CIMENTO E AREIA). AF_05/2020 | D57: m² | E57: 810 | F57: (Est.0 á Est.6+15.00) (Comprimento x Largura) A=(135,00*6,00) A=(810,00)
B58: 3.3.3 | C58: FORNECIMENTO E APLICAÇÃO DE MEIO FIO EM PEDRA GRANÍTICA | D58: m | E58: 11 | F58: C=(Cinturão de Travamento) C=(5,00+6,00) C=(11,00)
B59: 3.3.4 | C59: EXECUÇÃO DE PASSEIO (CALÇADA) OU PISO DE CONCRETO COM CONCRETO MOLDADO IN LOCO, FEITO EM OBRA, ACABAMENTO CONVENCIONAL, NÃO ARMADO. AF_07/2016 | D59: m³ | E59: 16.68 | F59: Obs: Já está sendo descontada a largura (15 cm) do meio-fio da Calçada Fórmula => (Comprimento x Largura x 2 Lados)-((Área de Rampa)*Qtde)-(Abertura de Ruas)-(Desconto do Piso Podotatil) V=((((135,00*1,20)*2,00)-((6,90*1,20)*6,00)-((6,00+5,00)*1,20))*0,07)-(53,35*0,03)) V=(16,68)
B60: 3.3.5 | C60: ALVENARIA DE VEDAÇÃO DE BLOCOS CERÂMICOS FURADOS NA HORIZONTAL DE 9X19X19 CM (ESPESSURA 9 CM) E ARGAMASSA DE ASSENTAMENTO COM PREPARO MANUAL. AF_12/2021 | D60: m² | E60: 51.8 | F60: Fórmula = (Comprimento da Calçada x 2 Lados - Comprimento de Abertura de Ruas x 0,20) (Correspondente a 2 fiadas = 0,20) A=((((135,00*2,00)-(6,00+5,00))*0,20) A=(51,80)
B61: 3.3.6 | C61: Rampas de acessibilidade utilizadas nas pavimentações (utilizadas em calçadas com largura de 1,35 metros) | D61: unid | E61: 6 | F61: Quantidades de rampas Q=(6,00 unidades)
B62: 3.3.7 | C62: Piso podotátil de concreto - DIRECIONAL E ALERTA, *25 X 25* CM | D62: M² | E62: 53.35 | F62: Fórmula = (Comprimento da Rua x Largura da Placa x 2 Lados)-(Comprimento da Rampa x Largura da Placa x Quantidade de Rampas)-(Aberturas de Rua x Largura da Placa) A=(((135,00*0,25)*2,00)-((7,60*0,25)*6,00)-((5,00+6,00)*0,25)) A=(53,35)
B63: 3.3.8 | C63: Limpeza de ruas (varrição e remoção de entulhos) | D63: M² | E63: 810 | F63: (Est.0 á Est.6+15.00) (Comprimento x Largura) A=(135,00*6,00) A=(810,00)
B64: 3.4 | C64: SINALIZAÇÃO VIÁRIA
B65: 3.4.1 | C65: PINTURA DE MEIO-FIO COM TINTA BRANCA A BASE DE CAL (CAIAÇÃO). AF_05/2021 | D65: M | E65: 259 | F65: (Pintura do meio fio = Comprimento do meio em concreto) C=((135,00*2,00)-(6,00+5,00)) C=(259,00)
B66: 3.4.2 | C66: PLACA ESMALTADA PARA IDENTIFICAÇÃO NR DE RUA, DIMENSÕES 45X25 CM | D66: UNID | E66: 1 | F66: Quantidades de placas de rua Q=(1,00 unidade)
B67: 3.4.3 | C67: Confecção de placa em aço nº 16 galvanizado, com película retrorrefletiva tipo I + III | D67: m² | E67: 0.59 | F67: A=(Areá da PLACA DE PARE) A=((8*0,35*0,42/2)*1) A=(0,59)
B68: 3.4.4 | C68: Fornecimento e implantação de suporte e travessa para placa de sinalização em madeira de lei tratada 8 x 8 cm | D68: un | E68: 2 | F68: (Quantidade de suporte de placas de PARE + Suporte das Placas Rua) Q=(1,00+1,00) Q=(2,00 unidades)
B69: 4 | C69: RUA VEREADOR ROGÉRIO PASCHOAL DE OLIVEIRA
B70: 4.1 | C70: SERVIÇOS PRELIMINARES
B71: 4.1.1 | C71: LOCAÇÃO DE PAVIMENTAÇÃO. AF_10/2018 | D71: M | E71: 169.8 | F71: (Comprimento da Rua a ser Pavimentada) (Est.0 á Est.8+9.80) C=(169,80)
B72: 4.1.2 | C72: DEMOLIÇÃO DE CONCRETO SIMPLES | D72: M³ | E72: 2.2 | F72: V=(Área de Calçada à Demolir x Altura Média das Calçadas) V=(14,65*0,15) V=(2,20)
B73: 4.2 | C73: TERRAPLANAGEM
B74: 4.2.1 | C74: REGULARIZAÇÃO E COMPACTAÇÃO DE SUBLEITO DE SOLO PREDOMINANTEMENTE ARENOSO. AF_11/2019 | D74: m² | E74: 1537.67 | F74: (Est.0 á Est.8+9.80)+(Área de Calçadas)+(Bocas de Rua)-(Abertura de Ruas) A=(((169,80*6,00)+((169,80*1,35)*2,00)+(6,00*8,65)+((8,65*1,35)*2,00))-((6,00+5,00)*1,35)) A=(1537,67)
B75: 4.3 | C75: PAVIMENTAÇÃO
B76: 4.3.1 | C76: ASSENTAMENTO DE GUIA (MEIO-FIO) EM TRECHO RETO, CONFECCIONADA EM CONCRETO PRÉ-FABRICADO, DIMENSÕES 100X15X13X30 CM (COMPRIMENTO X BASE INFERIOR X BASE SUPERIOR X ALTURA), PARA VIAS URBANAS (USO VIÁRIO). AF_06/2016 | D76: M | E76: 348.6 | F76: C= (Comprimento da Rua x 2 lados)+(Boca de Rua)-(Abertura de Ruas) C=(((169,80*2,00)+(10,00+10,00))-(6,00+5,00)) C=(348,60)
B77: 4.3.2 | C77: EXECUÇÃO DE PAVIMENTO EM PARALELEPÍPEDOS, REJUNTAMENTO COM ARGAMASSA TRAÇO 1:3 (CIMENTO E AREIA). AF_05/2020 | D77: m² | E77: 1078.8 | F77: (Est.0 á Est.8+9.80) (Comprimento x Largura)+(Bocas de Rua) A=((169,80*6,00)+(6,00*10,00)) A=(1078,80)
B78: 4.3.3 | C78: FORNECIMENTO E APLICAÇÃO DE MEIO FIO EM PEDRA GRANÍTICA | D78: m | E78: 23.6 | F78: C=(Cinturão de Travamento) C=(6,60+5,00+6,00+6,00) C=(23,60)
B79: 4.3.4 | C79: EXECUÇÃO DE PASSEIO (CALÇADA) OU PISO DE CONCRETO COM CONCRETO MOLDADO IN LOCO, FEITO EM OBRA, ACABAMENTO CONVENCIONAL, NÃO ARMADO. AF_07/2016 | D79: m³ | E79: 21.44 | F79: Obs: Já está sendo descontada a largura (15 cm) do meio-fio da Calçada Fórmula => (Comprimento x Largura x 2 Lados)-((Área de Rampa)*Qtde)-(Abertura de Ruas)-(Desconto do Piso Podotatil) V=(((((169,80*1,20)*2,00)+((10,00+10,00)*1,20))-((6,90*1,20)*10,00)-((6,00+5,00)*1,20))*0,07)-(68,15*0,03)) V=(21,44)
B80: 4.3.5 | C80: ALVENARIA DE VEDAÇÃO DE BLOCOS CERÂMICOS FURADOS NA HORIZONTAL DE 9X19X19 CM (ESPESSURA 9 CM) E ARGAMASSA DE ASSENTAMENTO COM PREPARO MANUAL. AF_12/2021 | D80: m² | E80: 69.72 | F80: Fórmula = (Comprimento da Calçada x 2 Lados - Comprimento de Abertura de Ruas x 0,20) (Correspondente a 2 fiadas = 0,20) A=((((169,80*2,00)+(10,00+10,00))-(6,00+5,00))*0,20) A=(69,72)
B81: 4.3.6 | C81: Rampas de acessibilidade utilizadas nas pavimentações (utilizadas em calçadas com largura de 1,35 metros) | D81: unid | E81: 10 | F81: Quantidades de rampas Q=(10,00 unidades)
B82: 4.3.7 | C82: Piso podotátil de concreto - DIRECIONAL E ALERTA, *25 X 25* CM | D82: M² | E82: 68.15 | F82: Fórmula = (Comprimento da Rua x Largura da Placa x 2 Lados)-(Comprimento da Rampa x Largura da Placa x Quantidade de Rampas)-(Aberturas de Rua x Largura da Placa) A=((((169,80*0,25)*2,00)+((10,00+10,00)*0,25))-((7,60*0,25)*10,00)-((6,00+5,00)*0,25)) A=(68,15)
B83: 4.3.8 | C83: Limpeza de ruas (varrição e remoção de entulhos) | D83: M² | E83: 1078.8 | F83: (Est.0 á Est.8+9.80) (Comprimento x Largura)+(Bocas de Rua) A=((169,80*6,00)+(6,00*10,00)) A=(1078,80)
B84: 4.4 | C84: SINALIZAÇÃO VIÁRIA
B85: 4.4.1 | C85: PINTURA DE MEIO-FIO COM TINTA BRANCA A BASE DE CAL (CAIAÇÃO). AF_05/2021 | D85: M | E85: 348.6 | F85: (Pintura do meio fio = Comprimento do meio em concreto) C=(((169,80*2,00)+(10,00+10,00))-(6,00+5,00)) C=(348,60)
B86: 4.4.2 | C86: PLACA ESMALTADA PARA IDENTIFICAÇÃO NR DE RUA, DIMENSÕES 45X25 CM | D86: UNID | E86: 2 | F86: Quantidades de placas de rua Q=(2,00 unidades)
B87: 4.4.3 | C87: Confecção de placa em aço nº 16 galvanizado, com película retrorrefletiva tipo I + III | D87: m² | E87: 1.18 | F87: A=(Areá da PLACA DE PARE) A=((8*0,35*0,42/2)*2) A=(1,18)
B88: 4.4.4 | C88: Fornecimento e implantação de suporte e travessa para placa de sinalização em madeira de lei tratada 8 x 8 cm | D88: un | E88: 4 | F88: (Quantidade de suporte de placas de PARE + Suporte das Placas Rua) Q=(2,00+2,00) Q=(4,00 unidades)
B89: 5 | C89: TRAVESSA LUIZ MARINHEIRO
B90: 5.1 | C90: SERVIÇOS PRELIMINARES
B91: 5.1.1 | C91: LOCAÇÃO DE PAVIMENTAÇÃO. AF_10/2018 | D91: M | E91: 52.2 | F91: (Comprimento da Rua a ser Pavimentada) (Est.0 á Est.2+12.20) C=(52,20)
B92: 5.2 | C92: TERRAPLANAGEM
B93: 5.2.1 | C93: REGULARIZAÇÃO E COMPACTAÇÃO DE SUBLEITO DE SOLO PREDOMINANTEMENTE ARENOSO. AF_11/2019 | D93: m² | E93: 454.14 | F93: (Est.0 á Est.2+12.20)+(Área de Calçadas) A=((52,20*6,00)+((52,20*1,35)*2)) A=(454,14)
B94: 5.3 | C94: PAVIMENTAÇÃO
B95: 5.3.1 | C95: ASSENTAMENTO DE GUIA (MEIO-FIO) EM TRECHO RETO, CONFECCIONADA EM CONCRETO PRÉ-FABRICADO, DIMENSÕES 100X15X13X30 CM (COMPRIMENTO X BASE INFERIOR X BASE SUPERIOR X ALTURA), PARA VIAS URBANAS (USO VIÁRIO). AF_06/2016 | D95: M | E95: 104.4 | F95: C= (Comprimento da Rua x 2 lados) C=(52,20*2,00) C=(104,40)
B96: 5.3.2 | C96: EXECUÇÃO DE PAVIMENTO EM PARALELEPÍPEDOS, REJUNTAMENTO COM ARGAMASSA TRAÇO 1:3 (CIMENTO E AREIA). AF_05/2020 | D96: m² | E96: 313.2 | F96: (Est.0 á Est.2+12.20) (Comprimento x Largura) A=(52,20*6,00) A=(313,20)
B97: 5.3.3 | C97: FORNECIMENTO E APLICAÇÃO DE MEIO FIO EM PEDRA GRANÍTICA | D97: m | E97: 6 | F97: C=(Cinturão de Travamento) C=(6,00)
B98: 5.3.4 | C98: EXECUÇÃO DE PASSEIO (CALÇADA) OU PISO DE CONCRETO COM CONCRETO MOLDADO IN LOCO, FEITO EM OBRA, ACABAMENTO CONVENCIONAL, NÃO ARMADO. AF_07/2016 | D98: m³ | E98: 6.94 | F98: Obs: Já está sendo descontada a largura (15 cm) do meio-fio da Calçada Fórmula => (Comprimento x Largura x 2 Lados)-((Área de Rampa)*Qtde)-(Desconto do Piso Podotatil) V=((((52,20*1,20)*2,00)-((6,90*1,20)*2,00))*0,07)-(22,30*0,03)) V=(6,94)
B99: 5.3.5 | C99: ALVENARIA DE VEDAÇÃO DE BLOCOS CERÂMICOS FURADOS NA HORIZONTAL DE 9X19X19 CM (ESPESSURA 9 CM) E ARGAMASSA DE ASSENTAMENTO COM PREPARO MANUAL. AF_12/2021 | D99: m² | E99: 20.88 | F99: Fórmula = (Comprimento da Calçada x 2 Lados x 0,20) (Correspondente a 2 fiadas = 0,20) A=((52,20*2,00)*0,20) A=(20,88)
B100: 5.3.6 | C100: Rampas de acessibilidade utilizadas nas pavimentações (utilizadas em calçadas com largura de 1,35 metros) | D100: unid | E100: 2 | F100: Quantidades de rampas Q=(2,00 unidades)
B101: 5.3.7 | C101: Piso podotátil de concreto - DIRECIONAL E ALERTA, *25 X 25* CM | D101: M² | E101: 22.3 | F101: Fórmula = (Comprimento da Rua x Largura da Placa x 2 Lados)-(Comprimento da Rampa x Largura da Placa x Quantidade de Rampas) A=(((52,20*0,25)*2,00)-((7,60*0,25)*2,00)) A=(22,30)
...

Sheet COTAÇÃO PISO TATIL
B2: COTAÇÃO 01
B3: Piso podotátil de concreto - DIRECIONAL E ALERTA, *25 X 25* CM
B4: Industria de Artefatos de Cimentos Ltda - Epp | C4: 15.170.465/0001-68 | D4: (83) 99614-2301 | E4: und | F4: 3
B5: Dinho Pré- MOLDADOS (LIGAR MAIS TARDE) | D5: (83) 98831-5868 | E5: und | F5: 2
B6: INTERBLOCK ARTEFATOS DE CIMENTO S/A | C6: 11.803.338/0001-06 | D6: (83) 3234-0607 | E6: und | F6: 3.5
B7: Valor média adotado | F7: =F4 -> 3

Sheet ORÇ
A2: Obra: | B2: Pavimentação de Ruas | G2: Valor da Obra:
A3: Endereço da obra: | B3: Diversas Ruas, Município de Duas Estradas - PB | G3: =H126 -> 428328.45
A4: Fonte de dados: | B4: SINAPI - 02/2024 - PARAÍBA SICRO3 - 10/2023 Paraíba | G4: BDI
A5: Encargos Socias: | B5: (Desonerados - Horista: 84,85% Mensalista 46,62%) | G5: 0.2614
A6: Contrato: | B6: 1086709-38
A7: PLANILHA ORÇAMENTARIA
A8: Item | B8: Código | C8: Banco | D8: Descrição | E8: Und | F8: Quant. | G8: Valor Unit | H8: Valor Unit com BDI | I8: Total
A9: 1 | D9: Rua Aprígio Felix da Costa | I9: 45748.58
A10: 1.1 | D10: SERVIÇOS PRELIMINARES | I10: 2918.84
A11: 1.1.1 | B11: 103689 | C11: SINAPI | D11: FORNECIMENTO E INSTALAÇÃO DE PLACA DE OBRA COM CHAPA GALVANIZADA E ESTRUTURA DE MADEIRA. AF_03/2022_PS | E11: m² | F11: 8 | G11: 287.11 | H11: 362.16 | I11: 2897.28
A12: 1.1.2 | B12: 99064 | C12: SINAPI | D12: LOCAÇÃO DE PAVIMENTAÇÃO. AF_10/2018 | E12: M | F12: 44 | G12: 0.39 | H12: 0.49 | I12: 21.56
A13: 1.2 | D13: TERRAPLANAGEM | I13: 1898.72
A14: 1.2.1 | B14: 100575 | C14: SINAPI | D14: REGULARIZAÇÃO DE SUPERFÍCIES COM MOTONIVELADORA. AF_11/2019 | E14: m² | F14: 426.8 | G14: 0.11 | H14: 0.14 | I14: 59.75
A15: 1.2.2 | B15: 04.930.06 - MVT | C15: Próprio | D15: CORTE E ATERRO COMPENSADO | E15: m³ | F15: 23.58 | G15: 6.9 | H15: 8.7 | I15: 205.15
A16: 1.2.3 | B16: 101126 | C16: SINAPI | D16: ESCAVAÇÃO HORIZONTAL, INCLUINDO CARGA E DESCARGA EM SOLO DE 1A CATEGORIA COM TRATOR DE ESTEIRAS (170HP/LÂMINA: 5,20M3). AF_07/2020 | E16: m³ | F16: 45.74 | G16: 11.13 | H16: 14.04 | I16: 642.19
A17: 1.2.4 | B17: 103326 | C17: SINAPI | D17: ALVENARIA DE VEDAÇÃO DE BLOCOS CERÂMICOS FURADOS NA VERTICAL DE 19X19X39 CM (ESPESSURA 19 CM) E ARGAMASSA DE ASSENTAMENTO COM PREPARO EM BETONEIRA. AF_12/2021 | E17: m² | F17: 10.6 | G17: 74.16 | H17: 93.55 | I17: 991.63
A18: 1.3 | D18: PAVIMENTAÇÃO | I18: 39479.79
A19: 1.3.1 | B19: 94273 | C19: SINAPI | D19: ASSENTAMENTO DE GUIA (MEIO-FIO) EM TRECHO RETO, CONFECCIONADA EM CONCRETO PRÉ-FABRICADO, DIMENSÕES 100X15X13X30 CM (COMPRIMENTO X BASE INFERIOR X BASE SUPERIOR X ALTURA). AF_01/2024 | E19: M | F19: 88 | G19: 35.69 | H19: 45.02 | I19: 3961.76
A20: 1.3.2 | B20: 101169 | C20: SINAPI | D20: EXECUÇÃO DE PAVIMENTO EM PARALELEPÍPEDOS, REJUNTAMENTO COM ARGAMASSA TRAÇO 1:3 (CIMENTO E AREIA). AF_05/2020 | E20: m² | F20: 308 | G20: 71.59 | H20: 90.3 | I20: 27812.4
A21: 1.3.3 | B21: 94990 | C21: SINAPI | D21: EXECUÇÃO DE PASSEIO (CALÇADA) OU PISO DE CONCRETO COM CONCRETO MOLDADO IN LOCO, FEITO EM OBRA, ACABAMENTO CONVENCIONAL, NÃO ARMADO. AF_08/2022 | E21: m³ | F21: 5.68 | G21: 650.5 | H21: 820.54 | I21: 4660.67
A22: 1.3.4 | B22: (04.910.02) - (DER-PB) | C22: Próprio | D22: FORNECIMENTO E APLICAÇÃO DE MEIO FIO EM PEDRA GRANÍTICA | E22: M | F22: 7 | G22: 29.8 | H22: 37.59 | I22: 263.13
A23: 1.3.5 | B23: 9050-Rampa 1,20 | C23: Próprio | D23: Rampas de acessibilidade utilizadas nas pavimentações (utilizadas em calçadas com largura de 1,20 metros sem contar o meio fio) | E23: UN | F23: 2 | G23: 503.2 | H23: 634.74 | I23: 1269.48
A24: 1.3.6 | B24: T - CT1 | C24: Próprio | D24: PISO PODOTÁTIL EM PLACA CIMENTÍCIA - DIRECIONAL E ALERTA 25X25CM, ASSENTADO COM ARGAMASSA | E24: m² | F24: 18.58 | G24: 55.97 | H24: 70.6 | I24: 1311.75
A25: 1.3.7 | B25: 84523 (GIDUR JP) | C25: Próprio | D25: LIMPEZA FINAL DA OBRA | E25: M² | F25: 426.8 | G25: 0.37 | H25: 0.47 | I25: 200.6
A26: 1.4 | D26: SINALIZAÇÃO VIÁRIA | I26: 1451.23
A27: 1.4.1 | B27: 102498 | C27: SINAPI | D27: PINTURA DE MEIO-FIO COM TINTA BRANCA A BASE DE CAL (CAIAÇÃO). AF_05/2021 | E27: M | F27: 88 | G27: 1.27 | H27: 1.6 | I27: 140.8
A28: 1.4.2 | B28: 00013521 | C28: SINAPI | D28: PLACA DE ACO ESMALTADA PARA IDENTIFICACAO DE RUA, *45 CM X 20* CM | E28: UN | F28: 2 | G28: 75.73 | H28: 95.53 | I28: 191.06
A29: 1.4.3 | B29: 5213417 | C29: SICRO3 | D29: Placa em aço nº 16 galvanizado com película retrorrefletiva tipo I + III - confecção | E29: m² | F29: 1.18 | G29: 413.72 | H29: 521.87 | I29: 615.81
A30: 1.4.4 | B30: 5216111 | C30: SICRO3 | D30: Suporte para placa de sinalização em madeira de lei tratada 8 x 8 cm - fornecimento e implantação | E30: un | F30: 4 | G30: 99.8 | H30: 125.89 | I30: 503.56
A31: 2 | D31: Trecho 2 - Rua Terezinha Pessoa | I31: 39223.87
A32: 2.1 | D32: SERVIÇOS PRELIMINARES | I32: 20.58
A33: 2.1.1 | B33: 99064 | C33: SINAPI | D33: LOCAÇÃO DE PAVIMENTAÇÃO. AF_10/2018 | E33: M | F33: 42 | G33: 0.39 | H33: 0.49 | I33: 20.58
A34: 2.2 | D34: TERRAPLANAGEM | I34: 57.04
A35: 2.2.1 | B35: 100575 | C35: SINAPI | D35: REGULARIZAÇÃO DE SUPERFÍCIES COM MOTONIVELADORA. AF_11/2019 | E35: m² | F35: 407.4 | G35: 0.11 | H35: 0.14 | I35: 57.04
A36: 2.3 | D36: PAVIMENTAÇÃO | I36: 37701.42
A37: 2.3.1 | B37: 94273 | C37: SINAPI | D37: ASSENTAMENTO DE GUIA (MEIO-FIO) EM TRECHO RETO, CONFECCIONADA EM CONCRETO PRÉ-FABRICADO, DIMENSÕES 100X15X13X30 CM (COMPRIMENTO X BASE INFERIOR X BASE SUPERIOR X ALTURA). AF_01/2024 | E37: M | F37: 84 | G37: 35.69 | H37: 45.02 | I37: 3781.68
A38: 2.3.2 | B38: 101169 | C38: SINAPI | D38: EXECUÇÃO DE PAVIMENTO EM PARALELEPÍPEDOS, REJUNTAMENTO COM ARGAMASSA TRAÇO 1:3 (CIMENTO E AREIA). AF_05/2020 | E38: m² | F38: 294 | G38: 71.59 | H38: 90.3 | I38: 26548.2
A39: 2.3.3 | B39: 94990 | C39: SINAPI | D39: EXECUÇÃO DE PASSEIO (CALÇADA) OU PISO DE CONCRETO COM CONCRETO MOLDADO IN LOCO, FEITO EM OBRA, ACABAMENTO CONVENCIONAL, NÃO ARMADO. AF_08/2022 | E39: m³ | F39: 5.37 | G39: 650.5 | H39: 820.54 | I39: 4406.3
A40: 2.3.4 | B40: (04.910.02) - (DER-PB) | C40: Próprio | D40: FORNECIMENTO E APLICAÇÃO DE MEIO FIO EM PEDRA GRANÍTICA | E40: M | F40: 7 | G40: 29.8 | H40: 37.59 | I40: 263.13
A41: 2.3.5 | B41: 9050-Rampa 1,20 | C41: Próprio | D41: Rampas de acessibilidade utilizadas nas pavimentações (utilizadas em calçadas com largura de 1,20 metros sem contar o meio fio) | E41: UN | F41: 2 | G41: 503.2 | H41: 634.74 | I41: 1269.48
A42: 2.3.6 | B42: T - CT1 | C42: Próprio | D42: PISO PODOTÁTIL EM PLACA CIMENTÍCIA - DIRECIONAL E ALERTA 25X25CM, ASSENTADO COM ARGAMASSA | E42: m² | F42: 17.58 | G42: 55.97 | H42: 70.6 | I42: 1241.15
A43: 2.3.7 | B43: 84523 (GIDUR JP) | C43: Próprio | D43: LIMPEZA FINAL DA OBRA | E43: M² | F43: 407.4 | G43: 0.37 | H43: 0.47 | I43: 191.48
A44: 2.4 | D44: SINALIZAÇÃO VIÁRIA | I44: 1444.83
A45: 2.4.1 | B45: 102498 | C45: SINAPI | D45: PINTURA DE MEIO-FIO COM TINTA BRANCA A BASE DE CAL (CAIAÇÃO). AF_05/2021 | E45: M | F45: 84 | G45: 1.27 | H45: 1.6 | I45: 134.4
A46: 2.4.2 | B46: 00013521 | C46: SINAPI | D46: PLACA DE ACO ESMALTADA PARA IDENTIFICACAO DE RUA, *45 CM X 20* CM | E46: UN | F46: 2 | G46: 75.73 | H46: 95.53 | I46: 191.06
A47: 2.4.3 | B47: 5213417 | C47: SICRO3 | D47: Placa em aço nº 16 galvanizado com película retrorrefletiva tipo I + III - confecção | E47: m² | F47: 1.18 | G47: 413.72 | H47: 521.87 | I47: 615.81
A48: 2.4.4 | B48: 5216111 | C48: SICRO3 | D48: Suporte para placa de sinalização em madeira de lei tratada 8 x 8 cm - fornecimento e implantação | E48: un | F48: 4 | G48: 99.8 | H48: 125.89 | I48: 503.56
A49: 3 | D49: Trecho da Rua Comunicador Edmilson Nogueira da Silva | I49: 137476.86
A50: 3.1 | D50: SERVIÇOS PRELIMINARES | I50: 75.56
A51: 3.1.1 | B51: 99064 | C51: SINAPI | D51: LOCAÇÃO DE PAVIMENTAÇÃO. AF_10/2018 | E51: M | F51: 154.2 | G51: 0.39 | H51: 0.49 | I51: 75.56
A52: 3.2 | D52: TERRAPLANAGEM | I52: 209.4
A53: 3.2.1 | B53: 100575 | C53: SINAPI | D53: REGULARIZAÇÃO DE SUPERFÍCIES COM MOTONIVELADORA. AF_11/2019 | E53: m² | F53: 1495.74 | G53: 0.11 | H53: 0.14 | I53: 209.4
A54: 3.3 | D54: PAVIMENTAÇÃO | I54: 136278.02
A55: 3.3.1 | B55: 94273 | C55: SINAPI | D55: ASSENTAMENTO DE GUIA (MEIO-FIO) EM TRECHO RETO, CONFECCIONADA EM CONCRETO PRÉ-FABRICADO, DIMENSÕES 100X15X13X30 CM (COMPRIMENTO X BASE INFERIOR X BASE SUPERIOR X ALTURA). AF_01/2024 | E55: M | F55: 294.4 | G55: 35.69 | H55: 45.02 | I55: 13253.89
A56: 3.3.2 | B56: 101169 | C56: SINAPI | D56: EXECUÇÃO DE PAVIMENTO EM PARALELEPÍPEDOS, REJUNTAMENTO COM ARGAMASSA TRAÇO 1:3 (CIMENTO E AREIA). AF_05/2020 | E56: m² | F56: 1079.4 | G56: 71.59 | H56: 90.3 | I56: 97469.82
A57: 3.3.3 | B57: 94990 | C57: SINAPI | D57: EXECUÇÃO DE PASSEIO (CALÇADA) OU PISO DE CONCRETO COM CONCRETO MOLDADO IN LOCO, FEITO EM OBRA, ACABAMENTO CONVENCIONAL, NÃO ARMADO. AF_08/2022 | E57: m³ | F57: 21.32 | G57: 650.5 | H57: 820.54 | I57: 17493.91
A58: 3.3.4 | B58: (04.910.02) - (DER-PB) | C58: Próprio | D58: FORNECIMENTO E APLICAÇÃO DE MEIO FIO EM PEDRA GRANÍTICA | E58: M | F58: 21 | G58: 29.8 | H58: 37.59 | I58: 789.39
A59: 3.3.5 | B59: 9050-Rampa 1,20 | C59: Próprio | D59: Rampas de acessibilidade utilizadas nas pavimentações (utilizadas em calçadas com largura de 1,20 metros sem contar o meio fio) | E59: UN | F59: 2 | G59: 503.2 | H59: 634.74 | I59: 1269.48
A60: 3.3.6 | B60: T - CT1 | C60: Próprio | D60: PISO PODOTÁTIL EM PLACA CIMENTÍCIA - DIRECIONAL E ALERTA 25X25CM, ASSENTADO COM ARGAMASSA | E60: m² | F60: 75.05 | G60: 55.97 | H60: 70.6 | I60: 5298.53
A61: 3.3.7 | B61: 84523 (GIDUR JP) | C61: Próprio | D61: LIMPEZA FINAL DA OBRA | E61: M² | F61: 1495.74 | G61: 0.37 | H61: 0.47 | I61: 703
A62: 3.4 | D62: SINALIZAÇÃO VIÁRIA | I62: 913.88
A63: 3.4.1 | B63: 102498 | C63: SINAPI | D63: PINTURA DE MEIO-FIO COM TINTA BRANCA A BASE DE CAL (CAIAÇÃO). AF_05/2021 | E63: M | F63: 294.4 | G63: 1.27 | H63: 1.6 | I63: 471.04
A64: 3.4.2 | B64: 00013521 | C64: SINAPI | D64: PLACA DE ACO ESMALTADA PARA IDENTIFICACAO DE RUA, *45 CM X 20* CM | E64: UN | F64: 2 | G64: 75.73 | H64: 95.53 | I64: 191.06
A65: 3.4.3 | B65: 5216111 | C65: SICRO3 | D65: Suporte para placa de sinalização em madeira de lei tratada 8 x 8 cm - fornecimento e implantação | E65: un | F65: 2 | G65: 99.8 | H65: 125.89 | I65: 251.78
A66: 4 | D66: Trecho da Rua Plácido P. dos Santos | I66: 34586.79
A67: 4.1 | D67: SERVIÇOS PRELIMINARES | I67: 18.18
A68: 4.1.1 | B68: 99064 | C68: SINAPI | D68: LOCAÇÃO DE PAVIMENTAÇÃO. AF_10/2018 | E68: M | F68: 37.1 | G68: 0.39 | H68: 0.49 | I68: 18.18
A69: 4.2 | D69: TERRAPLANAGEM | I69: 50.38
A70: 4.2.1 | B70: 100575 | C70: SINAPI | D70: REGULARIZAÇÃO DE SUPERFÍCIES COM MOTONIVELADORA. AF_11/2019 | E70: m² | F70: 359.87 | G70: 0.11 | H70: 0.14 | I70: 50.38
A71: 4.3 | D71: PAVIMENTAÇÃO | I71: 33089.08
A72: 4.3.1 | B72: 94273 | C72: SINAPI | D72: ASSENTAMENTO DE GUIA (MEIO-FIO) EM TRECHO RETO, CONFECCIONADA EM CONCRETO PRÉ-FABRICADO, DIMENSÕES 100X15X13X30 CM (COMPRIMENTO X BASE INFERIOR X BASE SUPERIOR X ALTURA). AF_01/2024 | E72: M | F72: 74.2 | G72: 35.69 | H72: 45.02 | I72: 3340.48
A73: 4.3.2 | B73: 101169 | C73: SINAPI | D73: EXECUÇÃO DE PAVIMENTO EM PARALELEPÍPEDOS, REJUNTAMENTO COM ARGAMASSA TRAÇO 1:3 (CIMENTO E AREIA). AF_05/2020 | E73: m² | F73: 259.7 | G73: 71.59 | H73: 90.3 | I73: 23450.91
A74: 4.3.3 | B74: 94990 | C74: SINAPI | D74: EXECUÇÃO DE PASSEIO (CALÇADA) OU PISO DE CONCRETO COM CONCRETO MOLDADO IN LOCO, FEITO EM OBRA, ACABAMENTO CONVENCIONAL, NÃO ARMADO. AF_08/2022 | E74: m³ | F74: 4.62 | G74: 650.5 | H74: 820.54 | I74: 3790.89
A75: 4.3.5 | B75: 9050-Rampa 1,20 | C75: Próprio | D75: Rampas de acessibilidade utilizadas nas pavimentações (utilizadas em calçadas com largura de 1,20 metros sem contar o meio fio) | E75: UN | F75: 2 | G75: 503.2 | H75: 634.74 | I75: 1269.48
A76: 4.3.6 | B76: T - CT1 | C76: Próprio | D76: PISO PODOTÁTIL EM PLACA CIMENTÍCIA - DIRECIONAL E ALERTA 25X25CM, ASSENTADO COM ARGAMASSA | E76: m² | F76: 15.13 | G76: 55.97 | H76: 70.6 | I76: 1068.18
A77: 4.3.7 | B77: 84523 (GIDUR JP) | C77: Próprio | D77: LIMPEZA FINAL DA OBRA | E77: M² | F77: 359.87 | G77: 0.37 | H77: 0.47 | I77: 169.14
A78: 4.4 | D78: SINALIZAÇÃO VIÁRIA | I78: 1429.15
A79: 4.4.1 | B79: 102498 | C79: SINAPI | D79: PINTURA DE MEIO-FIO COM TINTA BRANCA A BASE DE CAL (CAIAÇÃO). AF_05/2021 | E79: M | F79: 74.2 | G79: 1.27 | H79: 1.6 | I79: 118.72
A80: 4.4.2 | B80: 00013521 | C80: SINAPI | D80: PLACA DE ACO ESMALTADA PARA IDENTIFICACAO DE RUA, *45 CM X 20* CM | E80: UN | F80: 2 | G80: 75.73 | H80: 95.53 | I80: 191.06
A81: 4.4.3 | B81: 5213417 | C81: SICRO3 | D81: Placa em aço nº 16 galvanizado com película retrorrefletiva tipo I + III - confecção | E81: m² | F81: 1.18 | G81: 413.72 | H81: 521.87 | I81: 615.81
A82: 4.4.4 | B82: 5216111 | C82: SICRO3 | D82: Suporte para placa de sinalização em madeira de lei tratada 8 x 8 cm - fornecimento e implantação | E82: un | F82: 4 | G82: 99.8 | H82: 125.89 | I82: 503.56
A83: 5 | D83: Trecho da Rua Sebastião Cícero de Paula | I83: 171292.35
A84: 5.1 | D84: SERVIÇOS PRELIMINARES | I84: 93.1
A85: 5.1.1 | B85: 99064 | C85: SINAPI | D85: LOCAÇÃO DE PAVIMENTAÇÃO. AF_10/2018 | E85: M | F85: 190 | G85: 0.39 | H85: 0.49 | I85: 93.1
A86: 5.2 | D86: TERRAPLANAGEM | I86: 258.02
A87: 5.2.1 | B87: 100575 | C87: SINAPI | D87: REGULARIZAÇÃO DE SUPERFÍCIES COM MOTONIVELADORA. AF_11/2019 | E87: m² | F87: 1843 | G87: 0.11 | H87: 0.14 | I87: 258.02
A88: 5.3 | D88: PAVIMENTAÇÃO | I88: 169456.6
A89: 5.3.1 | B89: 94273 | C89: SINAPI | D89: ASSENTAMENTO DE GUIA (MEIO-FIO) EM TRECHO RETO, CONFECCIONADA EM CONCRETO PRÉ-FABRICADO, DIMENSÕES 100X15X13X30 CM (COMPRIMENTO X BASE INFERIOR X BASE SUPERIOR X ALTURA). AF_01/2024 | E89: M | F89: 380 | G89: 35.69 | H89: 45.02 | I89: 17107.6
A90: 5.3.2 | B90: 101169 | C90: SINAPI | D90: EXECUÇÃO DE PAVIMENTO EM PARALELEPÍPEDOS, REJUNTAMENTO COM ARGAMASSA TRAÇO 1:3 (CIMENTO E AREIA). AF_05/2020 | E90: m² | F90: 1330 | G90: 71.59 | H90: 90.3 | I90: 120099
A91: 5.3.3 | B91: 94990 | C91: SINAPI | D91: EXECUÇÃO DE PASSEIO (CALÇADA) OU PISO DE CONCRETO COM CONCRETO MOLDADO IN LOCO, FEITO EM OBRA, ACABAMENTO CONVENCIONAL, NÃO ARMADO. AF_08/2022 | E91: m³ | F91: 25.86 | G91: 650.5 | H91: 820.54 | I91: 21219.16
A92: 5.3.4 | B92: (04.910.02) - (DER-PB) | C92: Próprio | D92: FORNECIMENTO E APLICAÇÃO DE MEIO FIO EM PEDRA GRANÍTICA | E92: M | F92: 42 | G92: 29.8 | H92: 37.59 | I92: 1578.78
A93: 5.3.5 | B93: 9050-Rampa 1,20 | C93: Próprio | D93: Rampas de acessibilidade utilizadas nas pavimentações (utilizadas em calçadas com largura de 1,20 metros sem contar o meio fio) | E93: UN | F93: 4 | G93: 503.2 | H93: 634.74 | I93: 2538.96
A94: 5.3.6 | B94: T - CT1 | C94: Próprio | D94: PISO PODOTÁTIL EM PLACA CIMENTÍCIA - DIRECIONAL E ALERTA 25X25CM, ASSENTADO COM ARGAMASSA | E94: m² | F94: 85.65 | G94: 55.97 | H94: 70.6 | I94: 6046.89
A95: 5.3.7 | B95: 84523 (GIDUR JP) | C95: Próprio | D95: LIMPEZA FINAL DA OBRA | E95: M² | F95: 1843 | G95: 0.37 | H95: 0.47 | I95: 866.21
A96: 5.4 | D96: SINALIZAÇÃO VIÁRIA | I96: 1484.63
A97: 5.4.1 | B97: 102498 | C97: SINAPI | D97: PINTURA DE MEIO-FIO COM TINTA BRANCA A BASE DE CAL (CAIAÇÃO). AF_05/2021 | E97: M | F97: 380 | G97: 1.27 | H97: 1.6 | I97: 608
A98: 5.4.2 | B98: 00013521 | C98: SINAPI | D98: PLACA DE ACO ESMALTADA PARA IDENTIFICACAO DE RUA, *45 CM X 20* CM | E98: UN | F98: 2 | G98: 75.73 | H98: 95.53 | I98: 191.06
A99: 5.4.3 | B99: 5213417 | C99: SICRO3 | D99: Placa em aço nº 16 galvanizado com película retrorrefletiva tipo I + III - confecção | E99: m² | F99: 0.59 | G99: 413.72 | H99: 521.87 | I99: 307.9
A100: 5.4.4 | B100: 5216111 | C100: SICRO3 | D100: Suporte para placa de sinalização em madeira de lei tratada 8 x 8 cm - fornecimento e implantação | E100: un | F100: 3 | G100: 99.8 | H100: 125.89 | I100: 377.67
A101: ORÇAMENTO GLOBAL
...

Sheet CPU
A1: Obra: Pavimentação de Ruas Endereço da obra: Diversas Ruas, Município de Duas Estradas - PB Fonte de dados: SINAPI - 02/2024 - PARAÍBA SICRO3 - 10/2023 Paraíba Encargos Socias: (Desonerados - Horista: 84,85% Mensalista 46,62%) Contrato: 1086709-38 BDI: 26,14%
A7: Composições Analíticas com Preço Unitário
A9: 1 | D9: Rua Aprígio Felix da Costa | J9: 45748.58
A10: 1.1 | D10: SERVIÇOS PRELIMINARES | J10: 2918.84
A11: 1.1.1 | B11: Código | C11: Banco | D11: Descrição | E11: Tipo | G11: Und | H11: Quant. | I11: Valor Unit | J11: Total
A12: Composição | B12: 103689 | C12: SINAPI | D12: FORNECIMENTO E INSTALAÇÃO DE PLACA DE OBRA COM CHAPA GALVANIZADA E ESTRUTURA DE MADEIRA. AF_03/2022_PS | E12: PAVI - PAVIMENTAÇÃO | G12: m² | H12: 1 | I12: 287.11 | J12: 287.11
A13: Composição Auxiliar | B13: 102234 | C13: SINAPI | D13: PINTURA IMUNIZANTE PARA MADEIRA, 2 DEMÃOS. AF_01/2021 | E13: PINT - PINTURAS | G13: m² | H13: 0.5 | I13: 20.9 | J13: 10.45
A14: Composição Auxiliar | B14: 88262 | C14: SINAPI | D14: CARPINTEIRO DE FORMAS COM ENCARGOS COMPLEMENTARES | E14: SEDI - SERVIÇOS DIVERSOS | G14: H | H14: 0.3729 | I14: 21.04 | J14: 7.84
A15: Composição Auxiliar | B15: 88316 | C15: SINAPI | D15: SERVENTE COM ENCARGOS COMPLEMENTARES | E15: SEDI - SERVIÇOS DIVERSOS | G15: H | H15: 1.1186 | I15: 16.86 | J15: 18.85
A16: Insumo | B16: 00004509 | C16: SINAPI | D16: SARRAFO *2,5 X 10* CM EM PINUS, MISTA OU EQUIVALENTE DA REGIAO - BRUTA | E16: Material | G16: M | H16: 3.2083 | I16: 6.56 | J16: 21.04
A17: Insumo | B17: 00004813 | C17: SINAPI | D17: PLACA DE OBRA (PARA CONSTRUCAO CIVIL) EM CHAPA GALVANIZADA *N. 22*, ADESIVADA, DE *2,4 X 1,2* M (SEM POSTES PARA FIXACAO) | E17: Material | G17: m² | H17: 1 | I17: 228.29 | J17: 228.29
A18: Insumo | B18: 00005065 | C18: SINAPI | D18: PREGO DE ACO POLIDO COM CABECA 10 X 10 (7/8 X 17) | E18: Material | G18: KG | H18: 0.0113 | I18: 35.34 | J18: 0.39
A19: Insumo | B19: 00005069 | C19: SINAPI | D19: PREGO DE ACO POLIDO COM CABECA 17 X 27 (2 1/2 X 11) | E19: Material | G19: KG | H19: 0.0132 | I19: 18.94 | J19: 0.25
E20: MO sem LS => | F20: 12.72 | G20: LS => | H20: 10.79 | I20: MO com LS => | J20: 23.51
E21: Valor do BDI => | F21: 75.050554 | H21: Valor com BDI => | J21: 362.16
G22: Quant. => | H22: 8 | I22: Preço Total => | J22: 2897.28
A24: 1.1.2 | B24: Código | C24: Banco | D24: Descrição | E24: Tipo | G24: Und | H24: Quant. | I24: Valor Unit | J24: Total
A25: Composição | B25: 99064 | C25: SINAPI | D25: LOCAÇÃO DE PAVIMENTAÇÃO. AF_10/2018 | E25: SERT - SERVIÇOS TÉCNICOS | G25: M | H25: 1 | I25: 0.39 | J25: 0.39
A26: Composição Auxiliar | B26: 99058 | C26: SINAPI | D26: LOCAÇÃO DE PONTO PARA REFERÊNCIA TOPOGRÁFICA. AF_10/2018 | E26: SERT - SERVIÇOS TÉCNICOS | G26: UN | H26: 0.05 | I26: 7.85 | J26: 0.39
E27: MO sem LS => | F27: 0.17 | G27: LS => | H27: 0.14 | I27: MO com LS => | J27: 0.31
E28: Valor do BDI => | F28: 0.101946 | H28: Valor com BDI => | J28: 0.49
G29: Quant. => | H29: 44 | I29: Preço Total => | J29: 21.56
A31: 1.2 | D31: TERRAPLANAGEM | J31: 1898.72
A32: 1.2.1 | B32: Código | C32: Banco | D32: Descrição | E32: Tipo | G32: Und | H32: Quant. | I32: Valor Unit | J32: Total
A33: Composição | B33: 100575 | C33: SINAPI | D33: REGULARIZAÇÃO DE SUPERFÍCIES COM MOTONIVELADORA. AF_11/2019 | E33: PAVI - PAVIMENTAÇÃO | G33: m² | H33: 1 | I33: 0.11 | J33: 0.11
A34: Composição Auxiliar | B34: 5932 | C34: SINAPI | D34: MOTONIVELADORA POTÊNCIA BÁSICA LÍQUIDA (PRIMEIRA MARCHA) 125 HP, PESO BRUTO 13032 KG, LARGURA DA LÂMINA DE 3,7 M - CHP DIURNO. AF_06/2014 | E34: CHOR - CUSTOS HORÁRIOS DE MÁQUINAS E EQUIPAMENTOS | G34: CHP | H34: 0.0001 | I34: 228.1 | J34: 0.02
A35: Composição Auxiliar | B35: 5934 | C35: SINAPI | D35: MOTONIVELADORA POTÊNCIA BÁSICA LÍQUIDA (PRIMEIRA MARCHA) 125 HP, PESO BRUTO 13032 KG, LARGURA DA LÂMINA DE 3,7 M - CHI DIURNO. AF_06/2014 | E35: CHOR - CUSTOS HORÁRIOS DE MÁQUINAS E EQUIPAMENTOS | G35: CHI | H35: 0.001 | I35: 85.27 | J35: 0.08
A36: Composição Auxiliar | B36: 88316 | C36: SINAPI | D36: SERVENTE COM ENCARGOS COMPLEMENTARES | E36: SEDI - SERVIÇOS DIVERSOS | G36: H | H36: 0.001 | I36: 16.86 | J36: 0.01
E37: MO sem LS => | F37: 0.02 | G37: LS => | H37: 0.01 | I37: MO com LS => | J37: 0.03
E38: Valor do BDI => | F38: 0.028754 | H38: Valor com BDI => | J38: 0.14
G39: Quant. => | H39: 426.8 | I39: Preço Total => | J39: 59.75
A41: 1.2.2 | B41: Código | C41: Banco | D41: Descrição | E41: Tipo | G41: Und | H41: Quant. | I41: Valor Unit | J41: Total
A42: Composição | B42: 04.930.06 - MVT | C42: Próprio | D42: CORTE E ATERRO COMPENSADO | E42: MOVT - MOVIMENTO DE TERRA | G42: m³ | H42: 1 | I42: 6.9 | J42: 6.9
A43: Composição Auxiliar | B43: 5847 | C43: SINAPI | D43: TRATOR DE ESTEIRAS, POTÊNCIA 170 HP, PESO OPERACIONAL 19 T, CAÇAMBA 5,2 M3 - CHP DIURNO. AF_06/2014 | E43: CHOR - CUSTOS HORÁRIOS DE MÁQUINAS E EQUIPAMENTOS | G43: CHP | H43: 0.0304 | I43: 227.08 | J43: 6.9
E44: MO sem LS => | F44: 0.27 | G44: LS => | H44: 0.22 | I44: MO com LS => | J44: 0.49
E45: Valor do BDI => | F45: 1.80366 | H45: Valor com BDI => | J45: 8.7
G46: Quant. => | H46: 23.58 | I46: Preço Total => | J46: 205.15
A48: 1.2.3 | B48: Código | C48: Banco | D48: Descrição | E48: Tipo | G48: Und | H48: Quant. | I48: Valor Unit | J48: Total
A49: Composição | B49: 101126 | C49: SINAPI | D49: ESCAVAÇÃO HORIZONTAL, INCLUINDO CARGA E DESCARGA EM SOLO DE 1A CATEGORIA COM TRATOR DE ESTEIRAS (170HP/LÂMINA: 5,20M3). AF_07/2020 | E49: MOVT - MOVIMENTO DE TERRA | G49: m³ | H49: 1 | I49: 11.13 | J49: 11.13
A50: Composição Auxiliar | B50: 100974 | C50: SINAPI | D50: CARGA, MANOBRA E DESCARGA DE SOLOS E MATERIAIS GRANULARES EM CAMINHÃO BASCULANTE 10 M³ - CARGA COM PÁ CARREGADEIRA (CAÇAMBA DE 1,7 A 2,8 M³ / 128 HP) E DESCARGA LIVRE (UNIDADE: M3). AF_07/2020 | E50: TRAN - TRANSPORTES, CARGAS E DESCARGAS | G50: m³ | H50: 1.25 | I50: 7.42 | J50: 9.27
A51: Composição Auxiliar | B51: 5847 | C51: SINAPI | D51: TRATOR DE ESTEIRAS, POTÊNCIA 170 HP, PESO OPERACIONAL 19 T, CAÇAMBA 5,2 M3 - CHP DIURNO. AF_06/2014 | E51: CHOR - CUSTOS HORÁRIOS DE MÁQUINAS E EQUIPAMENTOS | G51: CHP | H51: 0.0048 | I51: 227.08 | J51: 1.08
A52: Composição Auxiliar | B52: 5849 | C52: SINAPI | D52: TRATOR DE ESTEIRAS, POTÊNCIA 170 HP, PESO OPERACIONAL 19 T, CAÇAMBA 5,2 M3 - CHI DIURNO. AF_06/2014 | E52: CHOR - CUSTOS HORÁRIOS DE MÁQUINAS E EQUIPAMENTOS | G52: CHI | H52: 0.0082 | I52: 70.39 | J52: 0.57
A53: Composição Auxiliar | B53: 88316 | C53: SINAPI | D53: SERVENTE COM ENCARGOS COMPLEMENTARES | E53: SEDI - SERVIÇOS DIVERSOS | G53: H | H53: 0.013 | I53: 16.86 | J53: 0.21
E54: MO sem LS => | F54: 0.81 | G54: LS => | H54: 0.69 | I54: MO com LS => | J54: 1.5
E55: Valor do BDI => | F55: 2.909382 | H55: Valor com BDI => | J55: 14.04
G56: Quant. => | H56: 45.74 | I56: Preço Total => | J56: 642.19
A58: 1.2.4 | B58: Código | C58: Banco | D58: Descrição | E58: Tipo | G58: Und | H58: Quant. | I58: Valor Unit | J58: Total
A59: Composição | B59: 103326 | C59: SINAPI | D59: ALVENARIA DE VEDAÇÃO DE BLOCOS CERÂMICOS FURADOS NA VERTICAL DE 19X19X39 CM (ESPESSURA 19 CM) E ARGAMASSA DE ASSENTAMENTO COM PREPARO EM BETONEIRA. AF_12/2021 | E59: PARE - PAREDES/PAINEIS | G59: m² | H59: 1 | I59: 74.16 | J59: 74.16
A60: Composição Auxiliar | B60: 87292 | C60: SINAPI | D60: ARGAMASSA TRAÇO 1:2:8 (EM VOLUME DE CIMENTO, CAL E AREIA MÉDIA ÚMIDA) PARA EMBOÇO/MASSA ÚNICA/ASSENTAMENTO DE ALVENARIA DE VEDAÇÃO, PREPARO MECÂNICO COM BETONEIRA 400 L. AF_08/2019 | E60: SEDI - SERVIÇOS DIVERSOS | G60: m³ | H60: 0.0138 | I60: 485.93 | J60: 6.7
A61: Composição Auxiliar | B61: 88309 | C61: SINAPI | D61: PEDREIRO COM ENCARGOS COMPLEMENTARES | E61: SEDI - SERVIÇOS DIVERSOS | G61: H | H61: 0.99 | I61: 21.47 | J61: 21.25
A62: Composição Auxiliar | B62: 88316 | C62: SINAPI | D62: SERVENTE COM ENCARGOS COMPLEMENTARES | E62: SEDI - SERVIÇOS DIVERSOS | G62: H | H62: 0.495 | I62: 16.86 | J62: 8.34
A63: Insumo | B63: 00034548 | C63: SINAPI | D63: TELA DE ACO SOLDADA GALVANIZADA/ZINCADA PARA ALVENARIA, FIO D = *1,20 A 1,70* MM, MALHA 15 X 15 MM, (C X L) *50 X 17,5* CM | E63: Material | G63: M | H63: 0.42 | I63: 4.83 | J63: 2.02
A64: Insumo | B64: 00037395 | C64: SINAPI | D64: PINO DE ACO COM FURO, HASTE = 27 MM (ACAO DIRETA) | E64: Material | G64: CENTO | H64: 0.01 | I64: 36.83 | J64: 0.36
A65: Insumo | B65: 00037594 | C65: SINAPI | D65: BLOCO CERAMICO / TIJOLO VAZADO PARA ALVENARIA DE VEDACAO, FUROS NA VERTICAL, 19 X 19 X 39 CM (NBR 15270) | E65: Material | G65: UN | H65: 13.6 | I65: 2.61 | J65: 35.49
E66: MO sem LS => | F66: 12.56 | G66: LS => | H66: 10.66 | I66: MO com LS => | J66: 23.22
E67: Valor do BDI => | F67: 19.385424 | H67: Valor com BDI => | J67: 93.55
G68: Quant. => | H68: 10.6 | I68: Preço Total => | J68: 991.63
A70: 1.3 | D70: PAVIMENTAÇÃO | J70: 39479.79
A71: 1.3.1 | B71: Código | C71: Banco | D71: Descrição | E71: Tipo | G71: Und | H71: Quant. | I71: Valor Unit | J71: Total
A72: Composição | B72: 94273 | C72: SINAPI | D72: ASSENTAMENTO DE GUIA (MEIO-FIO) EM TRECHO RETO, CONFECCIONADA EM CONCRETO PRÉ-FABRICADO, DIMENSÕES 100X15X13X30 CM (COMPRIMENTO X BASE INFERIOR X BASE SUPERIOR X ALTURA). AF_01/2024 | E72: DROP - DRENAGEM/OBRAS DE CONTENÇÃO / POÇOS DE VISITA E CAIXAS | G72: M | H72: 1 | I72: 35.69 | J72: 35.69
A73: Composição Auxiliar | B73: 88309 | C73: SINAPI | D73: PEDREIRO COM ENCARGOS COMPLEMENTARES | E73: SEDI - SERVIÇOS DIVERSOS | G73: H | H73: 0.2296 | I73: 21.47 | J73: 4.92
A74: Composição Auxiliar | B74: 88316 | C74: SINAPI | D74: SERVENTE COM ENCARGOS COMPLEMENTARES | E74: SEDI - SERVIÇOS DIVERSOS | G74: H | H74: 0.2296 | I74: 16.86 | J74: 3.87
A75: Composição Auxiliar | B75: 88629 | C75: SINAPI | D75: ARGAMASSA TRAÇO 1:3 (EM VOLUME DE CIMENTO E AREIA MÉDIA ÚMIDA), PREPARO MANUAL. AF_08/2019 | E75: SEDI - SERVIÇOS DIVERSOS | G75: m³ | H75: 0.0018 | I75: 565.94 | J75: 1.01
A76: Insumo | B76: 00000370 | C76: SINAPI | D76: AREIA MEDIA - POSTO JAZIDA/FORNECEDOR (RETIRADO NA JAZIDA, SEM TRANSPORTE) | E76: Material | G76: m³ | H76: 0.0066 | I76: 105.01 | J76: 0.69
A77: Insumo | B77: 00004059 | C77: SINAPI | D77: MEIO-FIO OU GUIA DE CONCRETO, PRE-MOLDADO, COMP 1 M, *30 X 12/15* CM (H X L1/L2) | E77: Material | G77: M | H77: 1.005 | I77: 25.08 | J77: 25.2
E78: MO sem LS => | F78: 3.68 | G78: LS => | H78: 3.13 | I78: MO com LS => | J78: 6.81
E79: Valor do BDI => | F79: 9.329366 | H79: Valor com BDI => | J79: 45.02
G80: Quant. => | H80: 88 | I80: Preço Total => | J80: 3961.76
A82: 1.3.2 | B82: Código | C82: Banco | D82: Descrição | E82: Tipo | G82: Und | H82: Quant. | I82: Valor Unit | J82: Total
A83: Composição | B83: 101169 | C83: SINAPI | D83: EXECUÇÃO DE PAVIMENTO EM PARALELEPÍPEDOS, REJUNTAMENTO COM ARGAMASSA TRAÇO 1:3 (CIMENTO E AREIA). AF_05/2020 | E83: PAVI - PAVIMENTAÇÃO | G83: m² | H83: 1 | I83: 71.59 | J83: 71.59
A84: Composição Auxiliar | B84: 5684 | C84: SINAPI | D84: ROLO COMPACTADOR VIBRATÓRIO DE UM CILINDRO AÇO LISO, POTÊNCIA 80 HP, PESO OPERACIONAL MÁXIMO 8,1 T, IMPACTO DINÂMICO 16,15 / 9,5 T, LARGURA DE TRABALHO 1,68 M - CHP DIURNO. AF_06/2014 | E84: CHOR - CUSTOS HORÁRIOS DE MÁQUINAS E EQUIPAMENTOS | G84: CHP | H84: 0.0031 | I84: 144.69 | J84: 0.44
A85: Composição Auxiliar | B85: 5685 | C85: SINAPI | D85: ROLO COMPACTADOR VIBRATÓRIO DE UM CILINDRO AÇO LISO, POTÊNCIA 80 HP, PESO OPERACIONAL MÁXIMO 8,1 T, IMPACTO DINÂMICO 16,15 / 9,5 T, LARGURA DE TRABALHO 1,68 M - CHI DIURNO. AF_06/2014 | E85: CHOR - CUSTOS HORÁRIOS DE MÁQUINAS E EQUIPAMENTOS | G85: CHI | H85: 0.1309 | I85: 57.45 | J85: 7.52
A86: Composição Auxiliar | B86: 88260 | C86: SINAPI | D86: CALCETEIRO COM ENCARGOS COMPLEMENTARES | E86: SEDI - SERVIÇOS DIVERSOS | G86: H | H86: 0.4021 | I86: 21.29 | J86: 8.56
A87: Composição Auxiliar | B87: 88316 | C87: SINAPI | D87: SERVENTE COM ENCARGOS COMPLEMENTARES | E87: SEDI - SERVIÇOS DIVERSOS | G87: H | H87: 0.4021 | I87: 16.86 | J87: 6.77
A88: Composição Auxiliar | B88: 88628 | C88: SINAPI | D88: ARGAMASSA TRAÇO 1:3 (EM VOLUME DE CIMENTO E AREIA MÉDIA ÚMIDA), PREPARO MECÂNICO COM BETONEIRA 400 L. AF_08/2019 | E88: SEDI - SERVIÇOS DIVERSOS | G88: m³ | H88: 0.0204 | I88: 472.39 | J88: 9.63
A89: Insumo | B89: 00000367 | C89: SINAPI | D89: AREIA GROSSA - POSTO JAZIDA/FORNECEDOR (RETIRADO NA JAZIDA, SEM TRANSPORTE) | E89: Material | G89: m³ | H89: 0.114 | I89: 106.38 | J89: 12.12
A90: Insumo | B90: 00004385 | C90: SINAPI | D90: PARALELEPIPEDO GRANITICO OU BASALTICO, PARA PAVIMENTACAO, SEM FRETE (VARIACAO REGIONAL DE PECAS POR M2) | E90: Material | G90: MIL | H90: 0.033 | I90: 804.8 | J90: 26.55
E91: MO sem LS => | F91: 7.83 | G91: LS => | H91: 6.65 | I91: MO com LS => | J91: 14.48
E92: Valor do BDI => | F92: 18.713626 | H92: Valor com BDI => | J92: 90.3
G93: Quant. => | H93: 308 | I93: Preço Total => | J93: 27812.4
A95: 1.3.3 | B95: Código | C95: Banco | D95: Descrição | E95: Tipo | G95: Und | H95: Quant. | I95: Valor Unit | J95: Total
A96: Composição | B96: 94990 | C96: SINAPI | D96: EXECUÇÃO DE PASSEIO (CALÇADA) OU PISO DE CONCRETO COM CONCRETO MOLDADO IN LOCO, FEITO EM OBRA, ACABAMENTO CONVENCIONAL, NÃO ARMADO. AF_08/2022 | E96: PISO - PISOS | G96: m³ | H96: 1 | I96: 650.5 | J96: 650.5
A97: Composição Auxiliar | B97: 88262 | C97: SINAPI | D97: CARPINTEIRO DE FORMAS COM ENCARGOS COMPLEMENTARES | E97: SEDI - SERVIÇOS DIVERSOS | G97: H | H97: 1.6268 | I97: 21.04 | J97: 34.22
A98: Composição Auxiliar | B98: 88309 | C98: SINAPI | D98: PEDREIRO COM ENCARGOS COMPLEMENTARES | E98: SEDI - SERVIÇOS DIVERSOS | G98: H | H98: 1.4149 | I98: 21.47 | J98: 30.37
A99: Composição Auxiliar | B99: 88316 | C99: SINAPI | D99: SERVENTE COM ENCARGOS COMPLEMENTARES | E99: SEDI - SERVIÇOS DIVERSOS | G99: H | H99: 3.0417 | I99: 16.86 | J99: 51.28
A100: Composição Auxiliar | B100: 94964 | C100: SINAPI | D100: CONCRETO FCK = 20MPA, TRAÇO 1:2,7:3 (EM MASSA SECA DE CIMENTO/ AREIA MÉDIA/ BRITA 1) - PREPARO MECÂNICO COM BETONEIRA 400 L. AF_05/2021 | E100: FUES - FUNDAÇÕES E ESTRUTURAS | G100: m³ | H100: 1.2315 | I100: 403.66 | J100: 497.1
A101: Insumo | B101: 00002692 | C101: SINAPI | D101: DESMOLDANTE PROTETOR PARA FORMAS DE MADEIRA, DE BASE OLEOSA EMULSIONADA EM AGUA | E101: Material | G101: L | H101: 0.0213 | I101: 8.75 | J101: 0.18
A102: Insumo | B102: 00004509 | C102: SINAPI | D102: SARRAFO *2,5 X 10* CM EM PINUS, MISTA OU EQUIVALENTE DA REGIAO - BRUTA | E102: Material | G102: M | H102: 3.125 | I102: 6.56 | J102: 20.5
A103: Insumo | B103: 00004517 | C103: SINAPI | D103: SARRAFO *2,5 X 7,5* CM EM PINUS, MISTA OU EQUIVALENTE DA REGIAO - BRUTA | E103: Material | G103: M | H103: 2.5 | I103: 4.52 | J103: 11.3
A104: Insumo | B104: 00005068 | C104: SINAPI | D104: PREGO DE ACO POLIDO COM CABECA 17 X 21 (2 X 11) | E104: Material | G104: KG | H104: 0.2994 | I104: 18.57 | J104: 5.55
E105: MO sem LS => | F105: 78.98 | G105: LS => | H105: 67.01 | I105: MO com LS => | J105: 145.99
E106: Valor do BDI => | F106: 170.0407 | H106: Valor com BDI => | J106: 820.54
G107: Quant. => | H107: 5.68 | I107: Preço Total => | J107: 4660.67
A109: 1.3.4 | B109: Código | C109: Banco | D109: Descrição | E109: Tipo | G109: Und | H109: Quant. | I109: Valor Unit | J109: Total
A110: Composição | B110: (04.910.02) - (DER-PB) | C110: Próprio | D110: FORNECIMENTO E APLICAÇÃO DE MEIO FIO EM PEDRA GRANÍTICA | E110: DROP - DRENAGEM/OBRAS DE CONTENÇÃO / POÇOS DE VISITA E CAIXAS | G110: M | H110: 1 | I110: 29.8 | J110: 29.8
A111: Composição Auxiliar | B111: 88260 | C111: SINAPI | D111: CALCETEIRO COM ENCARGOS COMPLEMENTARES | E111: SEDI - SERVIÇOS DIVERSOS | G111: H | H111: 0.32 | I111: 21.29 | J111: 6.81
A112: Composição Auxiliar | B112: 88316 | C112: SINAPI | D112: SERVENTE COM ENCARGOS COMPLEMENTARES | E112: SEDI - SERVIÇOS DIVERSOS | G112: H | H112: 0.34 | I112: 16.86 | J112: 5.73
A113: Insumo | B113: 00000367 | C113: SINAPI | D113: AREIA GROSSA - POSTO JAZIDA/FORNECEDOR (RETIRADO NA JAZIDA, SEM TRANSPORTE) | E113: Material | G113: m³ | H113: 0.005 | I113: 106.38 | J113: 0.53
A114: Insumo | B114: 00001379 | C114: SINAPI | D114: CIMENTO PORTLAND COMPOSTO CP II-32 | E114: Material | G114: KG | H114: 0.98 | I114: 0.64 | J114: 0.62
A115: Insumo | B115: 00004392 | C115: SINAPI | D115: !EM PROCESSO DE DESATIVACAO! MEIO-FIO OU GUIA GRANITICO OU BASALTICO | E115: Material | G115: M | H115: 1 | I115: 16.11 | J115: 16.11
...

Sheet BDI
A2: Obra: Pavimentação de Ruas Endereço da obra: Diversas Ruas, Município de Duas Estradas - PB Fonte de dados: SINAPI - 02/2024 - PARAÍBA SICRO3 - 10/2023 Paraíba Encargos Socias: (Desonerados - Horista: 84,85% Mensalista 46,62%) Contrato: 1086709-38 BDI: 26,14%
A3: COMPOSIÇÃO DO BDI
A4: TIPO DE OBRA DO EMPREENDIMENTO | M4: DESONERAÇÃO Sim
A5: Construção de Praças Urbanas, Rodovias, Ferrovias e recapeamento e pavimentação de vias urbanas
A6: Conforme legislação tributária municipal, definir estimativa de percentual da base de cálculo para o ISS: | M6: 0.5
A7: Sobre a base de cálculo, definir a respectiva alíquota do ISS (entre 2% e 5%): | M7: 0.05
A8: Itens | E8: Siglas | H8: % Adotado | J8: Situação | L8: 1º Quartil | M8: Médio | N8: 3º Quartil
A9: Administração Central | E9: AC | H9: 0.038 | J9: - | L9: 0.038 | M9: 0.04014 | N9: 0.0467
A10: Seguro e Garantia | E10: SG | H10: 0.0032 | J10: - | L10: 0.0032 | M10: 0.004 | N10: 0.0074
A11: Risco | E11: R | H11: 0.005 | J11: - | L11: 0.005 | M11: 0.00564 | N11: 0.0097
A12: Despesas Financeiras | E12: DF | H12: 0.0102 | J12: - | L12: 0.0102 | M12: 0.0111 | N12: 0.0121
A13: Lucro | E13: L | H13: 0.0664 | J13: - | L13: 0.0664 | M13: 0.073 | N13: 0.0869
A14: Tributos (impostos COFINS 3%, e PIS 0,65%) | E14: CP | H14: 0.0365 | J14: - | L14: 0.0365 | M14: 0.0365 | N14: 0.0365
A15: Tributos (ISS, variável de acordo com o município) | E15: ISS | H15: 0.025 | J15: - | L15: 0 | M15: 0.025 | N15: 0.05
A16: Tributos (Contribuição Previdenciária sobre a Receita Bruta - 0% ou 4,5% - Desoneração) | E16: CPRB | H16: 0.045 | J16: OK | L16: 0 | M16: 0.045 | N16: 0.045
A17: BDI COM desoneração (Fórmula Acórdão TCU) | E17: BDI DES | H17: =(((1+H9+H10+H11)*(1+H12)*(1+H13))/(1-H14-H15-H16))-1 -> 0.26138499 | J17: OK | L17: 0.196 | M17: 0.2097 | N17: 0.2423
A18: Os valores de BDI foram calculados com o emprego da fórmula:
A19: BDI.PAD = | F19: (1+AC + S + R + G)*(1 + DF)*(1+L) - 1 (1-CP-ISS)
A20: Declaro para os devidos fins que, conforme legislação tributária municipal, a base de cálculo para Construção de Praças Urbanas, Rodovias, Ferrovias e recapeamento e pavimentação de vias urbanas, é de 50%, com a respectiva alíquota de 5%.
A21: Declaro para os devidos fins que o regime de Contribuição Previdenciária sobre a Receita Bruta adotado para elaboração do orçamento foi COM Desoneração, e que esta é a alternativa mais adequada para a Administração Pública.
A22: Observações:

Sheet ES
A2: Obra: Pavimentação de Ruas Endereço da obra: Diversas Ruas, Município de Duas Estradas - PB Fonte de dados: SINAPI - 02/2024 - PARAÍBA SICRO3 - 10/2023 Paraíba Encargos Socias: (Desonerados - Horista: 84,85% Mensalista 46,62%) Contrato: 1086709-38 BDI: 26,14%
A4: ENCARGOS SOCIAIS
A6: CÓDIGO | B6: DESCRIÇÃO | C6: COM DESONERAÇÃO | E6: SEM DESONERAÇÃO
C7: HORISTA % | D7: MENSALISTA % | E7: HORISTA % | F7: MENSALISTA %
A8: GRUPO A
A9: A1 | B9: INSS | C9: 0 | D9: 0 | E9: 0.2 | F9: 0.2
A10: A2 | B10: SESI | C10: 0.015 | D10: 0.015 | E10: 0.015 | F10: 0.015
A11: A3 | B11: SENAI | C11: 0.01 | D11: 0.01 | E11: 0.01 | F11: 0.01
A12: A4 | B12: INCRA | C12: 0.002 | D12: 0.002 | E12: 0.002 | F12: 0.002
A13: A5 | B13: SEBRAE | C13: 0.006 | D13: 0.006 | E13: 0.006 | F13: 0.006
A14: A6 | B14: Salário Educação | C14: 0.025 | D14: 0.025 | E14: 0.025 | F14: 0.025
A15: A7 | B15: Seguro Contra Acidentes de Trabalho | C15: 0.03 | D15: 0.03 | E15: 0.03 | F15: 0.03
A16: A8 | B16: FGTS | C16: 0.08 | D16: 0.08 | E16: 0.08 | F16: 0.08
A17: A9 | B17: SECONCI | C17: 0 | D17: 0 | E17: 0 | F17: 0
A18: A | B18: Total | C18: 0.168 | D18: 0.168 | E18: 0.368 | F18: 0.368
A19: GRUPO B
A20: B1 | B20: Repouso Semanal Remunerado | C20: 0.1803 | D20: Não incide | E20: 0.1803 | F20: Não incide
A21: B2 | B21: Feriados | C21: 0.0431 | D21: Não incide | E21: 0.0431 | F21: Não incide
A22: B3 | B22: Auxílio - Enfermidade | C22: 0.0085 | D22: 0.0064 | E22: 0.0085 | F22: 0.0064
A23: B4 | B23: 13º Salário | C23: 0.1106 | D23: 0.0833 | E23: 0.1106 | F23: 0.0833
A24: B5 | B24: Licença Paternidade | C24: 0.0006 | D24: 0.0004 | E24: 0.0006 | F24: 0.0004
A25: B6 | B25: Faltas Justificadas | C25: 0.0074 | D25: 0.0056 | E25: 0.0074 | F25: 0.0056
A26: B7 | B26: Dias de Chuvas | C26: 0.0206 | D26: Não incide | E26: 0.0206 | F26: Não incide
A27: B8 | B27: Auxílio Acidente de Trabalho | C27: 0.001 | D27: 0.0008 | E27: 0.001 | F27: 0.0008
A28: B9 | B28: Férias Gozadas | C28: 0.1129 | D28: 0.0851 | E28: 0.1129 | F28: 0.0851
A29: B10 | B29: Salário Maternidade | C29: 0.0004 | D29: 0.0003 | E29: 0.0004 | F29: 0.0003
A30: B | B30: Total | C30: 0.4854 | D30: 0.1819 | E30: 0.4854 | F30: 0.1819
A31: GRUPO C
A32: C1 | B32: Aviso Prévio Indenizado | C32: 0.0457 | D32: 0.0345 | E32: 0.0457 | F32: 0.0345
A33: C2 | B33: Aviso Prévio Trabalhado | C33: 0.0011 | D33: 0.0008 | E33: 0.0011 | F33: 0.0008
A34: C3 | B34: Férias Indenizadas | C34: 0.0331 | D34: 0.025 | E34: 0.0331 | F34: 0.025
A35: C4 | B35: Depósito Rescisão Sem Justa Causa | C35: 0.0261 | D35: 0.0196 | E35: 0.0261 | F35: 0.0196
A36: C5 | B36: Indenização Adicional | C36: 0.0038 | D36: 0.0029 | E36: 0.0038 | F36: 0.0029
A37: C | B37: Total | C37: 0.1098 | D37: 0.0828 | E37: 0.1098 | F37: 0.0828
A38: GRUPO D
A39: D1 | B39: Reincidência de Grupo A sobre Grupo B | C39: 0.0815 | D39: 0.0306 | E39: 0.1786 | F39: 0.0669
A40: D2 | B40: Reincidência de Grupo A sobre Aviso Prévio Trabalhado e Reincidência do FGTS sobre Aviso Prévio Indenizado | C40: 0.0038 | D40: 0.0029 | E40: 0.0041 | F40: 0.0031
A41: D | B41: Total | C41: 0.0853 | D41: 0.0335 | E41: 0.1827 | F41: 0.07
A42: TOTAL(A+B+C+D) | C42: 0.8485 | D42: 0.4662 | E42: 1.1459 | F42: 0.7027

Sheet PLE 1
E3: PLE - Planilha de Levantamento de Eventos
E4: Eventograma e Quantitativos
A5: Nº OPERAÇÃO | C5: Nº SICONV | F5: GIGOV | I5: GESTOR | L5: PROGRAMA | S5: AÇÃO / MODALIDADE | Y5: DATA ASSINATURA
A6: 1086709-38 | C6: 943192 | F6: ='PLE 2'!F6 -> JOÃO PESSOA | I6: Ministério do Desenvolvimento | L6: Desenvolvimento Regional, Territorial e Urbano
A8: PROPONENTE / TOMADOR | I8: MUNICÍPIO / UF | L8: LOCALIDADE / ENDEREÇO | S8: OBJETO
A9: Prefeitura Municipal de Duas Estradas - PB | I9: Duas Estradas - PB | L9: Diversas ruas do Município | S9: Pavimentação de Ruas
A11: Nº CTEF | C11: EMPRESA EXECUTORA | I11: CNPJ | L11: OBJETO DO CTEF | Y11: INÍCIO DA OBRA
L12: Pavimentação de Ruas
A14: Valor total do Orçamento: R$ 428.328,45 | K14: Frente de obra: | M14: Rua Aprígio Felix da Costa | N14: Trecho 2 - Rua Terezinha Pessoa | O14: Trecho da Rua Comunicador Edmilson Nogueira da Silva | P14: Trecho da Rua Plácido P. dos Santos | Q14: Trecho da Rua Sebastião Cícero de Paula
A15: Nível | B15: Item | E15: Descrição | F15: Unidade | G15: Quantidade | H15: Preço Unitário (R$) | I15: Preço Total (R$) | K15: AGRUPADOR DE EVENTOS | M15: 1 | N15: 2 | O15: 3 | P15: 4 | Q15: 5 | R15: 6 | S15: 7 | T15: 8 | U15: 9 | V15: 10 | W15: 11 | X15: 12 | Y15: 13 | Z15: 14 | AA15: 15
A17: Nível | B17: 1 | E17: SERVIÇOS PRELIMINARES | I17: 3126.26
A18: Serviço | B18: 1.1 | C18: 103689 | D18: SINAPI | E18: FORNECIMENTO E INSTALAÇÃO DE PLACA DE OBRA COM CHAPA GALVANIZADA E ESTRUTURA DE MADEIRA. AF_03/2022_PS | F18: m² | G18: 8 | H18: 362.16 | I18: 2897.28 | K18: 2-Serviços Preliminares | M18: 8 | AC18: =M18+O18+N18+P18+Q18=G18 -> TRUE
A19: Serviço | B19: 1.2 | C19: 99064 | D19: SINAPI | E19: LOCAÇÃO DE PAVIMENTAÇÃO. AF_10/2018 | F19: M | G19: 467.3 | H19: 0.49 | I19: 228.98 | K19: 2-Serviços Preliminares | M19: 44 | N19: 42 | O19: 154.2 | P19: 37.1 | Q19: 190 | AC19: =M19+O19+N19+P19+Q19=G19 -> TRUE
A20: Nível | B20: 2 | E20: TERRAPLANAGEM | I20: 2473.56 | AC20: =M20+O20+N20+P20+Q20=G20 -> TRUE
A21: Serviço | B21: 2.1 | C21: 100575 | D21: SINAPI | E21: REGULARIZAÇÃO DE SUPERFÍCIES COM MOTONIVELADORA. AF_11/2019 | F21: m² | G21: 4532.81 | H21: 0.14 | I21: 634.59 | K21: 3-Terraplanagem | M21: =M32 -> 426.8 | N21: =N32 -> 407.4 | O21: =O32 -> 1495.74 | P21: =P32 -> 359.87 | Q21: =Q32 -> 1843 | AC21: =M21+O21+N21+P21+Q21=G21 -> TRUE
A22: Serviço | B22: 2.2 | C22: 04.930.06 - MVT | D22: Próprio | E22: CORTE E ATERRO COMPENSADO | F22: m³ | G22: 23.58 | H22: 8.7 | I22: 205.15 | K22: 3-Terraplanagem | M22: 23.58 | AC22: =M22+O22+N22+P22+Q22=G22 -> TRUE
A23: Serviço | B23: 2.3 | C23: 101126 | D23: SINAPI | E23: ESCAVAÇÃO HORIZONTAL, INCLUINDO CARGA E DESCARGA EM SOLO DE 1A CATEGORIA COM TRATOR DE ESTEIRAS (170HP/LÂMINA: 5,20M3). AF_07/2020 | F23: m³ | G23: 45.74 | H23: 14.04 | I23: 642.19 | K23: 3-Terraplanagem | M23: 45.74 | AC23: =M23+O23+N23+P23+Q23=G23 -> TRUE
A24: Serviço | B24: 2.4 | C24: 103326 | D24: SINAPI | E24: ALVENARIA DE VEDAÇÃO DE BLOCOS CERÂMICOS FURADOS NA VERTICAL DE 19X19X39 CM (ESPESSURA 19 CM) E ARGAMASSA DE ASSENTAMENTO COM PREPARO EM BETONEIRA. AF_12/2021 | F24: m² | G24: 10.6 | H24: 93.55 | I24: 991.63 | K24: 3-Terraplanagem | M24: 10.6 | AC24: =M24+O24+N24+P24+Q24=G24 -> TRUE
A25: Nível | B25: 3 | E25: PAVIMENTAÇÃO | I25: 416004.91 | AC25: =M25+O25+N25+P25+Q25=G25 -> TRUE
A26: Serviço | B26: 3.1 | C26: 94273 | D26: SINAPI | E26: ASSENTAMENTO DE GUIA (MEIO-FIO) EM TRECHO RETO, CONFECCIONADA EM CONCRETO PRÉ-FABRICADO, DIMENSÕES 100X15X13X30 CM (COMPRIMENTO X BASE INFERIOR X BASE SUPERIOR X ALTURA). AF_01/2024 | F26: M | G26: 920.6 | H26: 45.02 | I26: 41445.41 | K26: 4-Pavimentação E Meio-Fio (Exceto Passeio) | M26: =M34 -> 88 | N26: =N34 -> 84 | O26: =O34 -> 294.4 | P26: =P34 -> 74.2 | Q26: =Q34 -> 380 | AC26: =M26+O26+N26+P26+Q26=G26 -> TRUE
A27: Serviço | B27: 3.2 | C27: 101169 | D27: SINAPI | E27: EXECUÇÃO DE PAVIMENTO EM PARALELEPÍPEDOS, REJUNTAMENTO COM ARGAMASSA TRAÇO 1:3 (CIMENTO E AREIA). AF_05/2020 | F27: m² | G27: 3271.1 | H27: 90.3 | I27: 295380.33 | K27: 4-Pavimentação E Meio-Fio (Exceto Passeio) | M27: 308 | N27: 294 | O27: 1079.4 | P27: 259.7 | Q27: 1330 | AC27: =M27+O27+N27+P27+Q27=G27 -> TRUE
A28: Serviço | B28: 3.3 | C28: 94990 | D28: SINAPI | E28: EXECUÇÃO DE PASSEIO (CALÇADA) OU PISO DE CONCRETO COM CONCRETO MOLDADO IN LOCO, FEITO EM OBRA, ACABAMENTO CONVENCIONAL, NÃO ARMADO. AF_08/2022 | F28: m³ | G28: 62.85 | H28: 820.54 | I28: 51570.93 | K28: 5-Passeio, acessibilidade e limpeza de rua | M28: 5.68 | N28: 5.37 | O28: 21.32 | P28: 4.62 | Q28: 25.86 | AC28: =M28+O28+N28+P28+Q28=G28 -> TRUE
A29: Serviço | B29: 3.4 | C29: (04.910.02) - (DER-PB) | D29: Próprio | E29: FORNECIMENTO E APLICAÇÃO DE MEIO FIO EM PEDRA GRANÍTICA | F29: M | G29: 77 | H29: 37.59 | I29: 2894.43 | K29: 4-Pavimentação E Meio-Fio (Exceto Passeio) | M29: 7 | N29: 7 | O29: 21 | Q29: 42 | AC29: =M29+O29+N29+P29+Q29=G29 -> TRUE
A30: Serviço | B30: 3.5 | C30: 9050-Rampa 1,20 | D30: Próprio | E30: Rampas de acessibilidade utilizadas nas pavimentações (utilizadas em calçadas com largura de 1,20 metros sem contar o meio fio) | F30: UN | G30: 12 | H30: 634.74 | I30: 7616.88 | K30: 5-Passeio, acessibilidade e limpeza de rua | M30: 2 | N30: 2 | O30: 2 | P30: 2 | Q30: 4 | AC30: =M30+O30+N30+P30+Q30=G30 -> TRUE
A31: Serviço | B31: 3.6 | C31: T - CT1 | D31: Próprio | E31: PISO PODOTÁTIL EM PLACA CIMENTÍCIA - DIRECIONAL E ALERTA 25X25CM, ASSENTADO COM ARGAMASSA | F31: m² | G31: 211.99 | H31: 70.6 | I31: 14966.5 | K31: 5-Passeio, acessibilidade e limpeza de rua | M31: 18.58 | N31: 17.58 | O31: 75.05 | P31: 15.13 | Q31: 85.65 | AC31: =M31+O31+N31+P31+Q31=G31 -> TRUE
A32: Serviço | B32: 3.7 | C32: 84523 (GIDUR JP) | D32: Próprio | E32: LIMPEZA FINAL DA OBRA | F32: M² | G32: 4532.81 | H32: 0.47 | I32: 2130.43 | K32: 5-Passeio, acessibilidade e limpeza de rua | M32: 426.8 | N32: 407.4 | O32: 1495.74 | P32: 359.87 | Q32: 1843 | AC32: =M32+O32+N32+P32+Q32=G32 -> TRUE
A33: Nível | B33: 4 | E33: SINALIZAÇÃO VIÁRIA | I33: 6723.72 | AC33: =M33+O33+N33+P33+Q33=G33 -> TRUE
A34: Serviço | B34: 4.1 | C34: 102498 | D34: SINAPI | E34: PINTURA DE MEIO-FIO COM TINTA BRANCA A BASE DE CAL (CAIAÇÃO). AF_05/2021 | F34: M | G34: 920.6 | H34: 1.6 | I34: 1472.96 | K34: 6 - Caiação E Sinalização Viária | M34: 88 | N34: 84 | O34: 294.4 | P34: 74.2 | Q34: 380 | AC34: =M34+O34+N34+P34+Q34=G34 -> TRUE
A35: Serviço | B35: 4.2 | C35: 13521 | D35: SINAPI | E35: PLACA DE ACO ESMALTADA PARA IDENTIFICACAO DE RUA, *45 CM X 20* CM | F35: UN | G35: 10 | H35: 95.53 | I35: 955.3 | K35: 6 - Caiação E Sinalização Viária | M35: 2 | N35: 2 | O35: 2 | P35: 2 | Q35: 2 | AC35: =M35+O35+N35+P35+Q35=G35 -> TRUE
A36: Serviço | B36: 4.3 | C36: 5213417 | D36: SICRO3 | E36: Placa em aço nº 16 galvanizado com película retrorrefletiva tipo I + III - confecção | F36: m² | G36: 4.13 | H36: 521.87 | I36: 2155.33 | K36: 6 - Caiação E Sinalização Viária | M36: 1.18 | N36: 1.18 | O36: 0 | P36: 1.18 | Q36: 0.59 | AC36: =M36+O36+N36+P36+Q36=G36 -> TRUE
A37: Serviço | B37: 4.4 | C37: 5216111 | D37: SICRO3 | E37: Suporte para placa de sinalização em madeira de lei tratada 8 x 8 cm - fornecimento e implantação | F37: un | G37: 17 | H37: 125.89 | I37: 2140.13 | K37: 6 - Caiação E Sinalização Viária | M37: 4 | N37: 4 | O37: 2 | P37: 4 | Q37: 3 | AC37: =M37+O37+N37+P37+Q37=G37 -> TRUE
I39: =I33+I25+I20+I17 -> 428328.45

Sheet PLE 2
E3: PLE - Planilha de Levantamento de Eventos
E4: Detalhamento de Eventos
A5: Nº OPERAÇÃO | C5: Nº SICONV | F5: GIGOV | G5: GESTOR | L5: PROGRAMA | R5: AÇÃO / MODALIDADE | Y5: DATA ASSINATURA
A6: 1086709-38 | C6: 943192 | F6: JOÃO PESSOA | G6: Ministério do Desenvolvimento | L6: Desenvolvimento Regional, Territorial e Urbano
A8: PROPONENTE / TOMADOR | F8: MUNICÍPIO / UF | L8: LOCALIDADE / ENDEREÇO | R8: OBJETO
A9: Prefeitura Municipal de Duas Estradas - PB | F9: Duas Estradas - PB | L9: Diversas ruas do Município | R9: Pavimentação de Ruas
A11: Nº CTEF | C11: EMPRESA EXECUTORA | I11: CNPJ | L11: CNPJ | Q11: OBJETO DO CTEF | Y11: INÍCIO DA OBRA
Q12: Pavimentação de Ruas
F14: Frente de Obra: | K14: Frente de obra: | M14: Rua Aprígio Felix da Costa | N14: Trecho 2 - Rua Terezinha Pessoa | O14: Trecho da Rua Comunicador Edmilson Nogueira da Silva | P14: Trecho da Rua Plácido P. dos Santos | Q14: Trecho da Rua Sebastião Cícero de Paula
A15: Valor total do Orçamento: R$ 428.328,45 | F15: Total por Frente (R$): | M15: =M18+M19+M22+M27+M31+M36 -> 45748.58 | N15: =N18+N19+N22+N27+N31+N36 -> 39223.87 | O15: =O18+O19+O22+O27+O31+O36 -> 137476.86 | P15: =P18+P19+P22+P27+P31+P36 -> 34586.79 | Q15: =Q18+Q19+Q22+Q27+Q31+Q36 -> 171292.35 | AC15: =SUM(M15:Q15) -> 428328.45
A16: Evento | B16: Item Orç | C16: Item Orç | E16: Título dos Eventos / Descrição Serviço | F16: Unid. | G16: Qtde. | H16: Preço Unitário (R$) | I16: Preço Total (R$) | K16: AGRUPADOR DE EVENTOS | M16: 1 | N16: 2 | O16: 3 | P16: 4 | Q16: 5 | AC16: 1 | AD16: 2 | AE16: 3
A18: 1 | B18: Evento | E18: Administração Local
A19: 2 | B19: Evento | E19: Serviços Preliminares | F19: R$ | G19: =I20+I21 -> 3126.26 | M19: =AC20+AC21 -> 2918.84 | N19: =AD20+AD21 -> 20.58 | O19: =AE20+AE21 -> 75.56 | P19: =AF20+AF21 -> 18.18 | Q19: =AG20+AG21 -> 93.1
A20: 2 | B20: 1.1 | C20: 103689 | D20: SINAPI | E20: FORNECIMENTO E INSTALAÇÃO DE PLACA DE OBRA COM CHAPA GALVANIZADA E ESTRUTURA DE MADEIRA. AF_03/2022_PS | F20: m² | G20: 8 | H20: 362.16 | I20: 2897.28 | M20: 8 | AC20: =ROUND(M20*$H20,2) -> 2897.28 | AD20: =ROUND(N20*$H20,2) -> 0 | AE20: =ROUND(O20*$H20,2) -> 0 | AF20: =ROUND(P20*$H20,2) -> 0 | AG20: =ROUND(Q20*$H20,2) -> 0
A21: 2 | B21: 1.2 | C21: 99064 | D21: SINAPI | E21: LOCAÇÃO DE PAVIMENTAÇÃO. AF_10/2018 | F21: M | G21: 467.3 | H21: 0.49 | I21: 228.98 | M21: 44 | N21: 42 | O21: 154.2 | P21: 37.1 | Q21: 190 | AC21: =ROUND(M21*$H21,2) -> 21.56 | AD21: =ROUND(N21*$H21,2) -> 20.58 | AE21: =ROUND(O21*$H21,2) -> 75.56 | AF21: =ROUND(P21*$H21,2) -> 18.18 | AG21: =ROUND(Q21*$H21,2) -> 93.1
A22: 3 | B22: Evento | E22: Terraplanagem | F22: R$ | G22: =I23+I24+I25+I26 -> 2473.56 | M22: =AC23+AC24+AC25+AC26 -> 1898.72 | N22: =AD23+AD24+AD25+AD26 -> 57.04 | O22: =AE23+AE24+AE25+AE26 -> 209.4 | P22: =AF23+AF24+AF25+AF26 -> 50.38 | Q22: =AG23+AG24+AG25+AG26 -> 258.02 | AC22: =ROUND(M22*$H22,2) -> 0 | AD22: =ROUND(N22*$H22,2) -> 0 | AE22: =ROUND(O22*$H22,2) -> 0 | AF22: =ROUND(P22*$H22,2) -> 0 | AG22: =ROUND(Q22*$H22,2) -> 0
A23: 3 | B23: 2.1 | C23: 100575 | D23: SINAPI | E23: REGULARIZAÇÃO DE SUPERFÍCIES COM MOTONIVELADORA. AF_11/2019 | F23: m² | G23: 4532.81 | H23: 0.14 | I23: 634.59 | M23: 426.8 | N23: 407.4 | O23: 1495.74 | P23: 359.87 | Q23: 1843 | AC23: =ROUND(M23*$H23,2) -> 59.75 | AD23: =ROUND(N23*$H23,2) -> 57.04 | AE23: =ROUND(O23*$H23,2) -> 209.4 | AF23: =ROUND(P23*$H23,2) -> 50.38 | AG23: =ROUND(Q23*$H23,2) -> 258.02
A24: 3 | B24: 2.2 | C24: 04.930.06 - MVT | D24: Próprio | E24: CORTE E ATERRO COMPENSADO | F24: m³ | G24: 23.58 | H24: 8.7 | I24: 205.15 | M24: 23.58 | AC24: =ROUND(M24*$H24,2) -> 205.15 | AD24: =ROUND(N24*$H24,2) -> 0 | AE24: =ROUND(O24*$H24,2) -> 0 | AF24: =ROUND(P24*$H24,2) -> 0 | AG24: =ROUND(Q24*$H24,2) -> 0
A25: 3 | B25: 2.3 | C25: 101126 | D25: SINAPI | E25: ESCAVAÇÃO HORIZONTAL, INCLUINDO CARGA E DESCARGA EM SOLO DE 1A CATEGORIA COM TRATOR DE ESTEIRAS (170HP/LÂMINA: 5,20M3). AF_07/2020 | F25: m³ | G25: 45.74 | H25: 14.04 | I25: 642.19 | M25: 45.74 | AC25: =ROUND(M25*$H25,2) -> 642.19 | AD25: =ROUND(N25*$H25,2) -> 0 | AE25: =ROUND(O25*$H25,2) -> 0 | AF25: =ROUND(P25*$H25,2) -> 0 | AG25: =ROUND(Q25*$H25,2) -> 0
A26: 3 | B26: 2.4 | C26: 103326 | D26: SINAPI | E26: ALVENARIA DE VEDAÇÃO DE BLOCOS CERÂMICOS FURADOS NA VERTICAL DE 19X19X39 CM (ESPESSURA 19 CM) E ARGAMASSA DE ASSENTAMENTO COM PREPARO EM BETONEIRA. AF_12/2021 | F26: m² | G26: 10.6 | H26: 93.55 | I26: 991.63 | M26: 10.6 | AC26: =ROUND(M26*$H26,2) -> 991.63 | AD26: =ROUND(N26*$H26,2) -> 0 | AE26: =ROUND(O26*$H26,2) -> 0 | AF26: =ROUND(P26*$H26,2) -> 0 | AG26: =ROUND(Q26*$H26,2) -> 0
A27: 4 | B27: Evento | E27: Pavimentação E Meio-Fio (Exceto Passeio) | F27: R$ | G27: =I28+I29+I30 -> 339720.17 | M27: =AC28+AC29+AC30 -> 32037.29 | N27: =AD28+AD29+AD30 -> 30593.01 | O27: =AE28+AE29+AE30 -> 111513.1 | P27: =AF28+AF29+AF30 -> 26791.39 | Q27: =AG28+AG29+AG30 -> 138785.38 | AC27: =ROUND(M27*$H27,2) -> 0 | AD27: =ROUND(N27*$H27,2) -> 0 | AE27: =ROUND(O27*$H27,2) -> 0 | AF27: =ROUND(P27*$H27,2) -> 0 | AG27: =ROUND(Q27*$H27,2) -> 0
A28: 4 | B28: 3.1 | C28: 94273 | D28: SINAPI | E28: ASSENTAMENTO DE GUIA (MEIO-FIO) EM TRECHO RETO, CONFECCIONADA EM CONCRETO PRÉ-FABRICADO, DIMENSÕES 100X15X13X30 CM (COMPRIMENTO X BASE INFERIOR X BASE SUPERIOR X ALTURA). AF_01/2024 | F28: M | G28: 920.6 | H28: 45.02 | I28: 41445.41 | M28: 88 | N28: 84 | O28: 294.4 | P28: 74.2 | Q28: 380 | AC28: =ROUND(M28*$H28,2) -> 3961.76 | AD28: =ROUND(N28*$H28,2) -> 3781.68 | AE28: =ROUND(O28*$H28,2) -> 13253.89 | AF28: =ROUND(P28*$H28,2) -> 3340.48 | AG28: =ROUND(Q28*$H28,2) -> 17107.6
A29: 4 | B29: 3.2 | C29: 101169 | D29: SINAPI | E29: EXECUÇÃO DE PAVIMENTO EM PARALELEPÍPEDOS, REJUNTAMENTO COM ARGAMASSA TRAÇO 1:3 (CIMENTO E AREIA). AF_05/2020 | F29: m² | G29: 3271.1 | H29: 90.3 | I29: 295380.33 | M29: 308 | N29: 294 | O29: 1079.4 | P29: 259.7 | Q29: 1330 | AC29: =ROUND(M29*$H29,2) -> 27812.4 | AD29: =ROUND(N29*$H29,2) -> 26548.2 | AE29: =ROUND(O29*$H29,2) -> 97469.82 | AF29: =ROUND(P29*$H29,2) -> 23450.91 | AG29: =ROUND(Q29*$H29,2) -> 120099
A30: 4 | B30: 3.4 | C30: (04.910.02) - (DER-PB) | D30: Próprio | E30: FORNECIMENTO E APLICAÇÃO DE MEIO FIO EM PEDRA GRANÍTICA | F30: M | G30: 77 | H30: 37.59 | I30: 2894.43 | M30: 7 | N30: 7 | O30: 21 | Q30: 42 | AC30: =ROUND(M30*$H30,2) -> 263.13 | AD30: =ROUND(N30*$H30,2) -> 263.13 | AE30: =ROUND(O30*$H30,2) -> 789.39 | AF30: =ROUND(P30*$H30,2) -> 0 | AG30: =ROUND(Q30*$H30,2) -> 1578.78
A31: 5 | B31: Evento | E31: Passeio, acessibilidade e limpeza de rua | F31: R$ | G31: =I32+I33+I34+I35 -> 76284.74 | M31: =AC32+AC33+AC34+AC35 -> 7442.5 | N31: =AD32+AD33+AD34+AD35 -> 7108.41 | O31: =AE32+AE33+AE34+AE35 -> 24764.92 | P31: =AF32+AF33+AF34+AF35 -> 6297.69 | Q31: =AG32+AG33+AG34+AG35 -> 30671.22 | AC31: =ROUND(M31*$H31,2) -> 0 | AD31: =ROUND(N31*$H31,2) -> 0 | AE31: =ROUND(O31*$H31,2) -> 0 | AF31: =ROUND(P31*$H31,2) -> 0 | AG31: =ROUND(Q31*$H31,2) -> 0
A32: 5 | B32: 3.3 | C32: 94990 | D32: SINAPI | E32: EXECUÇÃO DE PASSEIO (CALÇADA) OU PISO DE CONCRETO COM CONCRETO MOLDADO IN LOCO, FEITO EM OBRA, ACABAMENTO CONVENCIONAL, NÃO ARMADO. AF_08/2022 | F32: m³ | G32: 62.85 | H32: 820.54 | I32: 51570.93 | M32: 5.68 | N32: 5.37 | O32: 21.32 | P32: 4.62 | Q32: 25.86 | AC32: =ROUND(M32*$H32,2) -> 4660.67 | AD32: =ROUND(N32*$H32,2) -> 4406.3 | AE32: =ROUND(O32*$H32,2) -> 17493.91 | AF32: =ROUND(P32*$H32,2) -> 3790.89 | AG32: =ROUND(Q32*$H32,2) -> 21219.16
A33: 5 | B33: 3.5 | C33: 9050-Rampa 1,20 | D33: Próprio | E33: Rampas de acessibilidade utilizadas nas pavimentações (utilizadas em calçadas com largura de 1,20 metros sem contar o meio fio) | F33: UN | G33: 12 | H33: 634.74 | I33: 7616.88 | M33: 2 | N33: 2 | O33: 2 | P33: 2 | Q33: 4 | AC33: =ROUND(M33*$H33,2) -> 1269.48 | AD33: =ROUND(N33*$H33,2) -> 1269.48 | AE33: =ROUND(O33*$H33,2) -> 1269.48 | AF33: =ROUND(P33*$H33,2) -> 1269.48 | AG33: =ROUND(Q33*$H33,2) -> 2538.96
A34: 5 | B34: 3.6 | C34: T - CT1 | D34: Próprio | E34: PISO PODOTÁTIL EM PLACA CIMENTÍCIA - DIRECIONAL E ALERTA 25X25CM, ASSENTADO COM ARGAMASSA | F34: m² | G34: 211.99 | H34: 70.6 | I34: 14966.5 | M34: 18.58 | N34: 17.58 | O34: 75.05 | P34: 15.13 | Q34: 85.65 | AC34: =ROUND(M34*$H34,2) -> 1311.75 | AD34: =ROUND(N34*$H34,2) -> 1241.15 | AE34: =ROUND(O34*$H34,2) -> 5298.53 | AF34: =ROUND(P34*$H34,2) -> 1068.18 | AG34: =ROUND(Q34*$H34,2) -> 6046.89
A35: 5 | B35: 3.7 | C35: 84523 (GIDUR JP) | D35: Próprio | E35: LIMPEZA FINAL DA OBRA | F35: M² | G35: 4532.81 | H35: 0.47 | I35: 2130.43 | M35: 426.8 | N35: 407.4 | O35: 1495.74 | P35: 359.87 | Q35: 1843 | AC35: =ROUND(M35*$H35,2) -> 200.6 | AD35: =ROUND(N35*$H35,2) -> 191.48 | AE35: =ROUND(O35*$H35,2) -> 703 | AF35: =ROUND(P35*$H35,2) -> 169.14 | AG35: =ROUND(Q35*$H35,2) -> 866.21
A36: 6 | B36: Evento | E36: Caiação E Sinalização Viária | F36: R$ | G36: =I37+I38+I40+I39 -> 6723.72 | M36: =AC37+AC38+AC39+AC40 -> 1451.23 | N36: =AD37+AD38+AD39+AD40 -> 1444.83 | O36: =AE37+AE38+AE39+AE40 -> 913.88 | P36: =AF37+AF38+AF39+AF40 -> 1429.15 | Q36: =AG37+AG38+AG39+AG40 -> 1484.63 | AC36: =ROUND(M36*$H36,2) -> 0 | AD36: =ROUND(N36*$H36,2) -> 0 | AE36: =ROUND(O36*$H36,2) -> 0 | AF36: =ROUND(P36*$H36,2) -> 0 | AG36: =ROUND(Q36*$H36,2) -> 0
A37: 6 | B37: 4.1 | C37: 102498 | D37: SINAPI | E37: PINTURA DE MEIO-FIO COM TINTA BRANCA A BASE DE CAL (CAIAÇÃO). AF_05/2021 | F37: M | G37: 920.6 | H37: 1.6 | I37: 1472.96 | M37: 88 | N37: 84 | O37: 294.4 | P37: 74.2 | Q37: 380 | AC37: =ROUND(M37*$H37,2) -> 140.8 | AD37: =ROUND(N37*$H37,2) -> 134.4 | AE37: =ROUND(O37*$H37,2) -> 471.04 | AF37: =ROUND(P37*$H37,2) -> 118.72 | AG37: =ROUND(Q37*$H37,2) -> 608
A38: 6 | B38: 4.2 | C38: 13521 | D38: SINAPI | E38: PLACA DE ACO ESMALTADA PARA IDENTIFICACAO DE RUA, *45 CM X 20* CM | F38: UN | G38: 10 | H38: 95.53 | I38: 955.3 | M38: 2 | N38: 2 | O38: 2 | P38: 2 | Q38: 2 | AC38: =ROUND(M38*$H38,2) -> 191.06 | AD38: =ROUND(N38*$H38,2) -> 191.06 | AE38: =ROUND(O38*$H38,2) -> 191.06 | AF38: =ROUND(P38*$H38,2) -> 191.06 | AG38: =ROUND(Q38*$H38,2) -> 191.06
A39: 6 | B39: 4.3 | C39: 5213417 | D39: SICRO3 | E39: Placa em aço nº 16 galvanizado com película retrorrefletiva tipo I + III - confecção | F39: m² | G39: 4.13 | H39: 521.87 | I39: 2155.33 | M39: 1.18 | N39: 1.18 | O39: 0 | P39: 1.18 | Q39: 0.59 | AC39: =ROUND(M39*$H39,2) -> 615.81 | AD39: =ROUND(N39*$H39,2) -> 615.81 | AE39: =ROUND(O39*$H39,2) -> 0 | AF39: =ROUND(P39*$H39,2) -> 615.81 | AG39: =ROUND(Q39*$H39,2) -> 307.9
A40: 6 | B40: 4.4 | C40: 5216111 | D40: SICRO3 | E40: Suporte para placa de sinalização em madeira de lei tratada 8 x 8 cm - fornecimento e implantação | F40: un | G40: 17 | H40: 125.89 | I40: 2140.13 | M40: 4 | N40: 4 | O40: 2 | P40: 4 | Q40: 3 | AC40: =ROUND(M40*$H40,2) -> 503.56 | AD40: =ROUND(N40*$H40,2) -> 503.56 | AE40: =ROUND(O40*$H40,2) -> 251.78 | AF40: =ROUND(P40*$H40,2) -> 503.56 | AG40: =ROUND(Q40*$H40,2) -> 377.67
G42: =G36+G31+G27+G22+G19 -> 428328.45

Sheet PLE 3
J3: PLE - Planilha de Levantamento de Eventos | BE3: Grau de Sigilo #PUBLICO
J4: Cronograma
A6: Nº OPERAÇÃO | G6: Nº SICONV | M6: GIGOV | U6: GESTOR | AD6: PROGRAMA | AO6: AÇÃO / MODALIDADE | BB6: DATA ASSINATURA
A7: 1086709-38 | G7: 943192 | M7: JOÃO PESSOA | U7: Ministério do Desenvolvimento | AD7: Desenvolvimento Regional, Territorial e Urbano
A9: PROPONENTE / TOMADOR | U9: MUNICÍPIO / UF | AD9: LOCALIDADE / ENDEREÇO | AO9: OBJETO
A10: Prefeitura Municipal de Duas Estradas - PB | U10: Duas Estradas - PB | AD10: Diversas ruas do Município | AO10: Pavimentação de Ruas
A12: Nº CTEF | G12: EMPRESA EXECUTORA | U12: CNPJ | AD12: OBJETO DO CTEF | BB12: INÍCIO DA OBRA
AD13: Pavimentação de Ruas
L15: Rua Aprígio Felix da Costa | M15: Trecho 2 - Rua Terezinha Pessoa | N15: Trecho da Rua Comunicador Edmilson Nogueira da Silva | O15: Trecho da Rua Plácido P. dos Santos | P15: Trecho da Rua Sebastião Cícero de Paula
A16: Nº do Evento | C16: Título dos Eventos | L16: 1 | M16: 2 | N16: 3 | O16: 4 | P16: 5 | Q16: 6 | R16: 7 | S16: 8 | T16: 9 | U16: 10 | V16: 11 | W16: 12 | X16: 13 | Y16: 14 | Z16: 15 | AA16: 16 | AB16: 17 | AC16: 18 | AD16: 19 | AE16: 20 | AF16: 21 | AG16: 22 | AH16: 23 | AI16: 24 | AJ16: 25 | AK16: 26 | AL16: 27 | AM16: 28 | AN16: 29 | AO16: 30 | AP16: 31 | AQ16: 32 | AR16: 33 | AS16: 34 | AT16: 35 | AU16: 36 | AV16: 37 | AW16: 38 | AX16: 39 | AY16: 40 | AZ16: 41 | BA16: 42 | BB16: 43 | BC16: 44 | BD16: 45 | BE16: 46 | BF16: 47 | BG16: 48 | BH16: 49 | BI16: 50
L17: Informe abaixo o NÚMERO DO PERÍODO em que os eventos serão concluídos (medição por eventos)
A19: 1 | C19: Administração Local | L19: A administração local será proporcional a execução dos demais eventos, independente de frentes de obra.
A20: 2 | C20: Serviços Preliminares | L20: 1 | M20: 1 | N20: 2 | O20: 1 | P20: 3
A21: 3 | C21: Terraplanagem | L21: 1 | M21: 1 | N21: 2 | O21: 1 | P21: 3
A22: 4 | C22: Pavimentação E Meio-Fio (Exceto Passeio) | L22: 1 | M22: 1 | N22: 2 | O22: 1 | P22: 3
A23: 5 | C23: Passeio, acessibilidade e limpeza de rua | L23: 1 | M23: 1 | N23: 2 | O23: 1 | P23: 3
A24: 6 | C24: Caiação E Sinalização Viária | L24: 1 | M24: 1 | N24: 2 | O24: 1 | P24: 3
A26: Cronograma | N26: Mês 01 | R26: Mês 02 | V26: Mês 03 | Z26: Mês 04 | AD26: Mês 05 | AH26: Mês 06 | AL26: Mês 07 | AP26: Mês 08 | AT26: Mês 09 | AX26: Mês 10 | BB26: Mês 11 | BF26: Mês 12
A27: Parcela | L27: % | N27: =N28/$V$30 -> 0.27912981 | R27: =R28/$V$30 -> 0.32096131 | V27: =V28/$V$30 -> 0.39990888
L28: R$ | N28: ='PLE 2'!M15+'PLE 2'!N15+'PLE 2'!P15 -> 119559.24 | R28: ='PLE 2'!O15 -> 137476.86 | V28: ='PLE 2'!Q15 -> 171292.35
A29: Acumulado | L29: % | N29: =N30/$V$30 -> 0.27912981 | R29: =R30/$V$30 -> 0.60009112 | V29: =V30/$V$30 -> 1
L30: R$ | N30: =N28 -> 119559.24 | R30: =N30+R28 -> 257036.1 | V30: =R30+V28 -> 428328.45

Sheet PLE 4
J3: PLE - Planilha de Levantamento de Eventos | BE3: Grau de Sigilo #PUBLICO
J4: Planilha de Levantamento de Eventos
A6: Nº OPERAÇÃO | G6: Nº SICONV | M6: GIGOV | U6: GESTOR | AD6: PROGRAMA | AO6: AÇÃO / MODALIDADE | BB6: DATA ASSINATURA
A7: 1086709-38 | G7: 943192 | M7: JOÃO PESSOA | U7: Ministério do Desenvolvimento | AD7: Desenvolvimento Regional, Territorial e Urbano
A9: PROPONENTE / TOMADOR | U9: MUNICÍPIO / UF | AD9: LOCALIDADE / ENDEREÇO | AO9: OBJETO
A10: Prefeitura Municipal de Duas Estradas - PB | U10: Duas Estradas - PB | AD10: Diversas ruas do Município | AO10: Pavimentação de Ruas
A12: Nº CTEF | G12: EMPRESA EXECUTORA | U12: CNPJ | AD12: OBJETO DO CTEF | BB12: INÍCIO DA OBRA
AD13: Pavimentação de Ruas
AG16: % Realizado Acum.: | AH16: 0 | AO16: Período: | AP16: DIGITE A DATA DA MEDIÇÃO | BD16: Medição: | BE16: 0
L18: Rua Aprígio Felix da Costa | M18: Trecho 2 - Rua Terezinha Pessoa | N18: Trecho da Rua Comunicador Edmilson Nogueira da Silva | O18: Trecho da Rua Plácido P. dos Santos | P18: Trecho da Rua Sebastião Cícero de Paula
A19: Nº do Evento | C19: Título dos Eventos | L19: 1 | M19: 2 | N19: 3 | O19: 4 | P19: 5 | Q19: 6 | R19: 7 | S19: 8 | T19: 9 | U19: 10 | V19: 11 | W19: 12 | X19: 13 | Y19: 14 | Z19: 15 | AA19: 16 | AB19: 17 | AC19: 18 | AD19: 19 | AE19: 20 | AF19: 21 | AG19: 22 | AH19: 23 | AI19: 24 | AJ19: 25 | AK19: 26 | AL19: 27 | AM19: 28 | AN19: 29 | AO19: 30 | AP19: 31 | AQ19: 32 | AR19: 33 | AS19: 34 | AT19: 35 | AU19: 36 | AV19: 37 | AW19: 38 | AX19: 39 | AY19: 40 | AZ19: 41 | BA19: 42 | BB19: 43 | BC19: 44 | BD19: 45 | BE19: 46 | BF19: 47 | BG19: 48 | BH19: 49 | BI19: 50
L20: Informe abaixo o NÚMERO DA MEDIÇÃO em que os eventos foram concluídos (medição por eventos)
A22: 1 | C22: Administração Local | L22: A administração local será proporcional a execução dos demais eventos, independente de frentes de obra.
A23: 2 | C23: SERVIÇOS PRELIMINARES | L23: 1 | M23: 1 | N23: 2 | O23: 1 | P23: 3
A24: 3 | C24: MOVIMENTO DE TERRA | L24: 1 | M24: 1 | N24: 2 | O24: 1 | P24: 3
A25: 4 | C25: PAVIMENTAÇÃO | L25: 1 | M25: 1 | N25: 2 | O25: 1 | P25: 3
A26: 5 | C26: RAMPAS DE ACESSIBILIDADE | L26: 1 | M26: 1 | N26: 2 | O26: 1 | P26: 3
A27: 6 | C27: DIVERSOS | L27: 1 | M27: 1 | N27: 2 | O27: 1 | P27: 3
N30: Datas das medições
A32: Medições | N32: Medição 01 | R32: Medição 02 | V32: Medição 03 | Z32: Medição 04 | AD32: Medição 05 | AH32: Medição 06 | AL32: Medição 07 | AP32: Medição 08 | AT32: Medição 09 | AX32: Medição 10 | BB32: Medição 11 | BF32: Medição 12
A33: Período | L33: % | N33: ='PLE 3'!N27:Q27 -> 0.27912981 | R33: ='PLE 3'!R27:U27 -> 0.32096131 | V33: ='PLE 3'!V27:Y27 -> 0.39990888
L34: R$ | N34: ='PLE 3'!N28:Q28 -> 119559.24 | R34: ='PLE 3'!R28:U28 -> 137476.86 | V34: ='PLE 3'!V28:Y28 -> 171292.35
A35: Acumulado | L35: % | N35: ='PLE 3'!N29:Q29 -> 0.27912981 | R35: ='PLE 3'!R29:U29 -> 0.60009112 | V35: ='PLE 3'!V29:Y29 -> 1
L36: R$ | N36: ='PLE 3'!N30:Q30 -> 119559.24 | R36: ='PLE 3'!R30:U30 -> 257036.1 | V36: ='PLE 3'!V30:Y30 -> 428328.45
